 Dungeon Crawl Stone Soup version 0.32-a0-870-g877066f (webtiles) character file.

Game seed: 5720531846554009928

49884907 1n5z the Archmage (level 27, 201/201 HPs)
             Began as a Deep Elf Alchemist on Mar 15, 2024.
             Was the Champion of Vehumet.
             Escaped with the Orb
             ... and 15 runes
             ... and 9 gems (all intact) on Mar 29, 2024!
             The game lasted 05:18:13 (29703 turns).

1n5z the Archmage (Deep Elf Alchemist)             Turns: 29703, Time: 05:18:13

Health: 201/201    AC: 19    Str: 10    XL:     27
Magic:  10/65      EV: 25    Int: 38    God:    Vehumet [******]
Gold:   2302       SH: 20    Dex: 15    Spells: 2/80 levels left

rFire   + + +        N - staff of air {!a}
rCold   + + +        z - +2 shield of Resistance {rF++ rC++ Will++}
rNeg    . . .        e - +3 troll leather armour
rPois   .            Z - +2 helmet {Int+3}
rElec   +            K - +2 cloak {Will+}
rCorr   +            O - +3 pair of gauntlets of War {Slay+5}
SInv    +            M - +0 pair of boots of Articulation {Rampage Str+5 Int+2 SInv}
Will    +++++        s - amulet of the Endless Curses {rF+ rC++ RegenMP+}
Stlth   +            G - ring of the Octopus King {rCorr HP+2 AC+2 EV+2 SH+2}
HPRegen 1.33/turn    t - ring of magical power
MPRegen 0.79/turn

%: rampage
@: studying 3 skills
A: large bone plates 1, deformed body, dopey 1, screaming 1, wild magic 1,
MP-powered wands
0: Orb of Zot
}: 15/15 runes: serpentine, barnacled, slimy, silver, golden, iron, obsidian,
icy, bone, abyssal, demonic, glowing, magical, fiery, dark
a: Renounce Religion


You escaped.
You worshipped Vehumet.
Vehumet was exalted by your worship.
You visited 17 branches of the dungeon, and saw 87 of its levels.
You visited Pandemonium 1 time, and saw 14 of its levels.
You visited the Abyss 2 times.
You visited 2 bazaars.
You completed 1 ziggurat, and saw 27 of its levels.
You also visited: Ossuary, Ice Cave and Volcano.

You collected 5764 gold pieces.
You spent 3462 gold pieces at shops.

Inventory:

Hand Weapons
 R - the +6 Majin-Bo {spellvamp, MP+6 Int+6}
   (You found it on level 9 of a ziggurat)

   Int+6:     It affects your intelligence (+6).
   MP+6:      It affects your magic capacity (+6).
Missiles
 a - 2 throwing nets
 I - 13 curare-tipped darts
Armour
 e - a +3 troll leather armour (worn)
   (You found it on level 7 of the Dungeon)
 z - the +2 shield of Resistance (worn) {rF++ rC++ Will++}
   (You found it on level 2 of the Elven Halls)

   rF++:      It greatly protects you from fire.
   rC++:      It greatly protects you from cold.
   Will++:    It greatly increases your willpower.
 K - a +2 cloak of willpower (worn)
   (You bought it in a shop in a bazaar)
 M - the +0 pair of boots of Articulation (worn) {Rampage Str+5 Int+2 SInv}
   (You found it on level 3 of the Snake Pit)

   Str+5:     It affects your strength (+5).
   Int+2:     It affects your intelligence (+2).
   SInv:      It lets you see invisible.
   Rampage:   It bestows one free step when moving towards enemies.
 O - the +3 pair of gauntlets of War (worn) {Slay+5}
   (You found it on level 25 of a ziggurat)

   Slay+5:    It affects your accuracy & damage with ranged weapons and melee
   (+5).
 U - the +5 moon troll leather armour {Spirit, Regen++ MP+5}
   (You found it on level 4 of the Lair of Beasts)

   MP+5:      It affects your magic capacity (+5).
   Regen++:   It increases your rate of health regeneration.
 Z - a +2 helmet of intelligence (worn)
   (You found it on level 5 of the Vaults)
Magical Staves
 b - the staff "Yggaup" {rF+ Int+2 Fire}
   (You found it on level 3 of the Elven Halls)

   [staff of fire]

   Base accuracy: +5 Base damage: 5 Base attack delay: 1.2 This weapon's minimum
   attack delay (0.6) is reached at skill level 12.
   Int+2:     It affects your intelligence (+2).
   rF+:       It protects you from fire.
   Fire:      It increases the power of your Fire spells.
   It falls into the 'Staves' category.
   It is a one-handed weapon.
 k - a staff of conjuration
   (You took it off a deep elf sorcerer on level 5 of the Vaults)
 u - the staff "Jiequx Haa" {*Slow rPois rF+ Summ Fire}
   (You found it on level 5 of the Vaults)

   [staff of fire]

   Base accuracy: +5 Base damage: 5 Base attack delay: 1.2 This weapon's minimum
   attack delay (0.6) is reached at skill level 12.
   rF+:       It protects you from fire.
   rPois:     It protects you from poison.
   *Slow:     It may slow you when you take damage.
   Summ:      It increases the power of your Summonings spells.
   Fire:      It increases the power of your Fire spells.
   It falls into the 'Staves' category.
   It is a one-handed weapon.
 C - the staff "Nopoich" {rF+ rN+ Fire Earth, !a}
   (You found it on level 15 of a ziggurat)

   [staff of earth]

   Base accuracy: +5 Base damage: 5 Base attack delay: 1.2 This weapon's minimum
   attack delay (0.6) is reached at skill level 12.
   rF+:       It protects you from fire.
   rN+:       It protects you from negative energy.
   Fire:      It increases the power of your Fire spells.
   Earth:     It increases the power of your Earth spells.
   It falls into the 'Staves' category.
   It is a one-handed weapon.
 N - a staff of air (weapon) {!a}
   (You found it on level 3 of the Elven Halls)
Jewellery
 i - a ring of fire
   (You found it on level 3 of the Dungeon)
 o - the ring of Vic Suom {rPois rF+ Int+5}
   (You found it on level 5 of the Vaults)

   [ring of protection from fire]

   Int+5:     It affects your intelligence (+5).
   rF+:       It protects you from fire.
   rPois:     It protects you from poison.
 s - the amulet of the Endless Curses (around neck) {rF+ rC++ RegenMP+}
   (You found it on level 25 of a ziggurat)

   [amulet of magic regeneration]

   It increases your rate of magic regeneration.
   rF+:       It protects you from fire.
   rC++:      It greatly protects you from cold.
   RegenMP+:  It increases your rate of magic regeneration.
 t - a ring of magical power (right hand)
   (You found it on level 4 of the Snake Pit)
 w - the ring of the Tortoise {AC+8}
   (You found it on level 2 of the Lair of Beasts)

   [ring of protection]

   AC+8:      It affects your AC (+8).
 G - a ring of the Octopus King (left hand) {rCorr HP+2 AC+2 EV+2 SH+2}
   (You took it off an ironbound preserver on level 5 of the Vaults)

   [ring of resist corrosion]

   AC+2:      It affects your AC (+2).
   EV+2:      It affects your evasion (+2).
   HP+2:      It affects your health (+2).
   rCorr:     It protects you from acid and corrosion.
   SH+2:      It affects your SH (+2).
 P - the ring of the Hare {EV+10}
   (You found it on level 12 of a ziggurat)

   [ring of evasion]

   EV+10:     It affects your evasion (+10).
 S - the amulet of the Air {Inacc Air Fly rElec RMsl}
   (You found it on level 13 of a ziggurat)

   [amulet of nothing]

   Inacc:     It reduces the accuracy of your attacks and spells.
   Air:       It enhances your air magic.
   rElec:     It insulates you from electricity.
   Fly:       It grants you flight.
   RMsl:      It protects you from missiles.
Talismans
 m - a talisman of death
   (You found it on level 14 of a ziggurat)
Wands
 x - a wand of digging (31)
   (You found it on level 7 of the Dungeon)
 y - a wand of mindburst (80)
   (You found it on level 10 of the Dungeon)
 B - a wand of paralysis (109)
   (You found it on level 9 of the Dungeon)
 V - a wand of light (62)
   (You took it off a vault sentinel on level 5 of the Vaults)
 X - a wand of warping (62)
   (You found it on level 4 of the Snake Pit)
Scrolls
 d - 15 scrolls of immolation
 g - 6 scrolls of fear
 l - 16 scrolls of fog
 p - 19 scrolls of teleportation
 v - 7 scrolls of enchant armour
 T - 4 scrolls of butterflies
 W - 5 scrolls of amnesia
Potions
 c - 5 potions of attraction
 f - 5 potions of curing
 h - 12 potions of lignification
 n - 3 potions of heal wounds
 q - 11 potions of haste
 r - 2 potions of enlightenment
 D - 3 potions of resistance
 E - a potion of brilliance
 L - 2 potions of magic
 Q - 4 potions of invisibility
Miscellaneous
 A - a +1 figurine of a ziggurat
 Y - a lightning rod (4/4)
   (You found it on level 3 of the Shoals)


   Skills:
 O Level 27 Fighting
 - Level 5.0 Armour
 O Level 27 Dodging
 - Level 2.4 Stealth
 - Level 11.1 Shields
 O Level 27 Spellcasting
 - Level 24.1 Conjurations
 - Level 4.0 Necromancy
 - Level 6.0 Translocations
 - Level 24.6 Fire Magic
 + Level 20.8 Ice Magic
 - Level 24.0 Air Magic
 - Level 24.0 Earth Magic
 - Level 8.0 Alchemy
 - Level 8.0 Evocations
 - Level 23.0 Shapeshifting


You had 2 spell levels left.
You knew the following spells:

 Your Spells              Type           Power      Damage    Failure   Level
a - Orb of Destruction    Conj           70%        9d16      1%          7
b - Chain Lightning       Conj/Air       83%        3d111     3%          9
c - Shatter               Erth           70%        3d52*     3%          9
d - Spellforged Servitor  Conj/Summ      55%        N/A       3%          7
f - Fireball              Conj/Fire      70%        3d26      1%          5
g - Plasma Beam           Fire/Air       83%        2x1d101   1%          6
h - Bombard               Conj/Erth      70%        9d11      1%          6
i - Ignition              Fire           71%        3d19      1%          8
j - Fire Storm            Conj/Fire      70%        8d18      2%          9
k - Blink                 Tloc           100%       N/A       1%          2
l - Passage of Golubria   Tloc           90%        N/A       2%          4
m - Passwall              Erth           100%       N/A       1%          3
n - Apportation           Tloc           100%       N/A       1%          1
o - Sublimation of Blood  Necr           82%        N/A       1%          2

Your spell library contained the following spells:

 Spells                   Type           Power      Damage    Failure   Level
 Foxfire                  Conj/Fire      100%       2x1d9     1%          1
 Kiss of Death            Conj/Necr      100%       2d13      1%          1
 Magic Dart               Conj           100%       1d8       1%          1
 Necrotise                Necr           100%       1d9       1%          1
 Sandblast                Erth           100%       2d20      1%          1
 Shock                    Conj/Air       100%       1d9       1%          1
 Sting                    Conj/Alch      100%       1d9       1%          1
 Cigotuvi's Dreadful Rot  Necr/Alch/Air  100%       N/A       1%          2
 Ensorcelled Hibernation  Hex/Ice        100%       N/A       1%          2
 Lesser Beckoning         Tloc           100%       N/A       1%          2
 Mercury Vapours          Alch/Air       100%       N/A       1%          2
 Scorch                   Fire           100%       2d9       1%          2
 Searing Ray              Conj           100%       2d8       1%          2
 Static Discharge         Conj/Air       100%       3-8/arc   1%          2
 Slow                     Hex            100%       N/A       2%          1
 Summon Small Mammal      Summ           100%       N/A       2%          1
 Call Imp                 Summ           100%       N/A       3%          2
 Jinxbite                 Hex            100%       N/A       3%          2
 Dazzling Flash           Conj/Hex       100%       N/A       1%          3
 Frozen Ramparts          Ice            100%       1d16      1%          3
 Fugue of the Fallen      Necr           82%        N/A       1%          3
 Hailstorm                Conj/Ice       100%       3d16      1%          3
 Inner Flame              Hex/Fire       100%       N/A       1%          3
 Mephitic Cloud           Conj/Alch/Air  100%       N/A       1%          3
 Ozocubu's Armour         Ice            100%       N/A       1%          3
 Stone Arrow              Conj/Erth      100%       3d13      1%          3
 Summon Ice Beast         Ice/Summ       100%       N/A       1%          3
 Swiftness                Air            100%       N/A       1%          3
 Teleport Other           Tloc           90%        N/A       1%          3
 Vampiric Draining        Necr           82%        2d11      1%          3
 Volatile Blastmotes      Fire/Tloc      100%       2d18      1%          3
 Airstrike                Air            83%        2d(12-28) 1%          4
 Animate Armour           Summ/Erth      100%       N/A       1%          4
 Brom's Barrelling Bould  Conj/Erth      100%       2d11      1%          4
 Flame Wave               Conj/Fire      100%       2d21      1%          4
 Fulminant Prism          Conj/Alch      61%        3d26      1%          4
 Ignite Poison            Fire/Alch      100%       N/A       1%          4
 Iskenderun's Mystic Bla  Conj/Tloc      100%       2d19      (+2d11%     4
 Leda's Liquefaction      Alch/Erth      61%        N/A       1%          4
 Olgreb's Toxic Radiance  Alch           98%        N/A       1%          4
 Petrify                  Alch/Erth      100%       N/A       1%          4
 Sticky Flame             Fire/Alch      100%       2d15      1%          4
 Summon Blazeheart Golem  Fire/Summ      100%       N/A       1%          4
 Summon Lightning Spire   Summ/Air       100%       N/A       1%          4
 Vhi's Electric Charge    Tloc/Air       100%       N/A       1%          4
 Arcjolt                  Conj/Air       83%        1d93      1%          5
 Borgnjor's Vile Clutch   Necr/Erth      58%        N/A       1%          5
 Freezing Cloud           Conj/Ice/Air   82%        6-21      1%          5
 Irradiate                Conj/Alch      61%        3d32      1%          5
 Iskenderun's Battlesphe  Conj           100%       2d15      1%          5
 Lee's Rapid Deconstruct  Erth           70%        3d32*     1%          5
 Metabolic Englaciation   Hex/Ice        53%        N/A       1%          5
 Silence                  Hex/Air        67%        N/A       1%          5
 Permafrost Eruption      Ice/Erth       68%        2x4d19    1%          6
 Sculpt Simulacrum        Ice/Alch       59%        N/A       1%          6
 Starburst                Conj/Fire      70%        6d18      1%          6
 Ozocubu's Refrigeration  Ice            67%        4d22      1%          7
 Lehudib's Crystal Spear  Conj/Erth      70%        10d16     1%          8
 Maxwell's Capacitive Co  Air            83%        ∞         1%          8
 Maxwell's Portable Pile  Tloc           90%        2d(19-37) 2%          4
 Alistair's Intoxication  Alch           65%        N/A       2%          5
 Yara's Violent Unravell  Hex/Alch       41%        3d16      3%          5
 Animate Dead             Necr           82%        N/A       4%          4
 Dispel Undead            Necr           82%        3d27      4%          4
 Call Canine Familiar     Summ           61%        N/A       6%          3
 Confusing Touch          Hex            61%        N/A       6%          3
 Tukima's Dance           Hex            61%        N/A       6%          3
 Dimensional Bullseye     Hex/Tloc       38%        N/A       6%          4
 Martyr's Knell           Necr/Summ      72%        N/A       9%          4
 Polar Vortex             Ice            67%        12d8*     10%         9
 Curse of Agony           Necr           82%        N/A       11%         5
 Summon Forest            Summ/Tloc      38%        N/A       16%         5
 Dispersal                Tloc           45%        N/A       24%         6
 Gell's Gavotte           Tloc           45%        2d(31-46) 24%         6
 Summon Mana Viper        Hex/Summ       61%        N/A       43%         5
 Death Channel            Necr           41%        N/A       45%         6
 Summon Cactus Giant      Summ           30%        N/A       93%         6
 Malign Gateway           Summ/Tloc      38%        N/A       98%         7
 Monstrous Menagerie      Summ           30%        N/A       100%        7
 Summon Hydra             Summ           30%        N/A       100%        7
 Borgnjor's Revivificati  Necr           41%        N/A       100%        8
 Discord                  Hex            30%        N/A       100%        8
 Disjunction              Tloc           45%        N/A       100%        8
 Infestation              Necr           41%        N/A       100%        8
 Summon Horrible Things   Summ           30%        N/A       100%        8
 Dragon's Call            Summ           30%        N/A       100%        9


Dungeon Overview and Level Annotations

Branches:
Dungeon (15/15)            Temple (0/1) D:7            Lair (5/5) D:8
 Shoals (4/4) Lair:3        Snake (4/4) Lair:3        Slime (5/5) Lair:5
    Orc (2/2) D:10            Elf (3/3) Orc:2        Vaults (5/5) D:13
  Crypt (3/3) Vaults:3       Tomb (3/3) Crypt:3      Depths (4/4) D:15
   Hell (visited)             Dis (7/7) Hell            Geh (7/7) Hell
    Coc (7/7) Hell            Tar (7/7) Hell            Zot (5/5) Depths:4
Ossuary (visited)           IceCv (visited)         Volcano (visited)

Altars:
Ashenzari
Elyvilon
Kikubaaqudgha
Qazlal
Vehumet
Yredelemnul
Zin
The Shining One
Jiyva

Shops:
D:9 !   Orc:2 (**?   Elf:1 **([   Elf:2 ?   Elf:3 [   Snake:1 :   Snake:3 !
Snake:4 ((   Vaults:1 :   Vaults:2 =   Vaults:4 *   Depths:1 ?

Portals:
Hell: Depths:3 Depths:4
Abyss: Depths:3 Depths:4
Pandemonium: Depths:2

Annotations:
D:4 exclusion: downstairs
D:6 3 runed translucent doors, Eustachio; Lovepenguin's ghost, novice AtFi; Lovepenguin's ghost, novice DECj; NahIdwin's ghost, novice BaAr
D:10 1 runed translucent door, ksj2083's ghost, novice TrFi
D:11 1 runed translucent door
Lair:4 Deteph's ghost, journeyman NaSu
Shoals:1 exclusion: downstairs
Shoals:3 6 transporters
Orc:2 exclusions: obsidian bat and upstairs
Elf:1 exclusion: downstairs
Elf:2 1 exclusion
Elf:3 33 runed translucent doors
Depths:1 exclusion: downstairs
Zot:4 2 transporters


Innate Abilities, Weirdness & Mutations

You are partially covered in large bone plates. (SH +4)
Armour fits poorly on your strangely shaped body.
You are dopey. (Int -2)
You occasionally shout uncontrollably at your foes.
Your spells are a little harder to cast, but a little more powerful.
You expend magic power (3 MP) to strengthen your wands.


Message History

Confirm with . or Enter, or press ? or * to list all spells.
The dungeon rumbles!
You kill the giant cockroach!
Vehumet accepts your kill.
You feel your power returning.
Ka-crash!
You hear an angry hiss.
You hear a shout!
Casting: Shatter (dangerous; 3% risk of failure)
Confirm with . or Enter, or press ? or * to list all spells.
The dungeon rumbles!
Ka-crash!
Unknown command.
Casting: Shatter (dangerous; 3% risk of failure)
Confirm with . or Enter, or press ? or * to list all spells.
The dungeon rumbles!
Ka-crash!
You hear an angry hiss.
Unknown command.
Casting: Shatter (dangerous; 3% risk of failure)
Confirm with . or Enter, or press ? or * to list all spells.
The dungeon rumbles!
You kill the goblin!
Vehumet accepts your kill.
You feel your power returning.
Ka-crash!
You hear a shout!
Casting: Shatter (dangerous; 3% risk of failure)
Confirm with . or Enter, or press ? or * to list all spells.
The dungeon rumbles!
Ka-crash!
Unknown command.
Casting: Shatter (dangerous; 3% risk of failure)
Confirm with . or Enter, or press ? or * to list all spells.
The dungeon rumbles!
Ka-crash!
* * * LOW MAGIC WARNING * * *
Casting: Shatter (dangerous; 3% risk of failure)
Confirm with . or Enter, or press ? or * to list all spells.
You don't have enough magic to cast this spell.
Unknown command.
Blink to where?
Press: ? - help, Dir - move target
As you read the scroll of blinking, it crumbles to dust.
Unknown command.
There is a staircase leading out of the dungeon here.
You can't go down here!
You have escaped!

##### . #...# ...... ..# .
#.ß.# .## #..#.# ..#.. #...#
#.###..#....#... ###+###
##..#...#.#.....#
#####.....###.#..#..#÷.......
#...#.....#.....#.......(....
#.ß.+..#..'.@.#..............
#...#.....#.........§^.....).
#####.....###................
#'###+###..........).....
#..........#.#.......#...
#########...#....#.......
##.#.#..#######.. .#..... ###
#..#.#


There were no monsters in sight!

Vanquished Creatures
  Cerebov (Pan)
  the Royal Jelly (Slime:5)
  Asmodeus (Geh:7)
  Antaeus (Coc:7)
  Mnoleg (Pan)
  Ereshkigal (Tar:7)
  Lom Lobon (Pan)
  Gloorx Vloq (Pan)
  the Serpent of Hell (Dis:7)
  Dispater (Dis:7)
  18 dread liches (Zig:9 Zig:12 Zig:17 Zig:25 Tar:1)
  15 ancient liches (Vaults:5 Zig:9 Zig:12 Zig:17 Zig:25)
  Khufu (Tomb:3)
  2 orbs of fire (Zot:5)
  2 juggernauts (Dis:7)
  39 royal mummies (Crypt:3 Tomb:1 Tomb:2 Tomb:3)
  Bai Suzhen (Depths:2)
  Josephina (Depths:2)
  23 shard shrikes (Zig:19 Coc:3 Coc:5 Coc:6 Coc:7)
  4 Killer Klowns (Zig:4 Zot:5)
  22 caustic shrikes (Dis:1 Dis:4 Dis:6 Dis:7)
  Geryon (Hell)
  6 pandemonium lords (Zig:8 Zig:14 Zig:18 Pan)
  17 profane servitors (Tar:5 Tar:6 Tar:7)
  22 golden dragons (Vaults:5 Depths:3 Zig:23 Depths:4 Zot:2)
  the Enchantress (Depths:2)
  Norris (Depths:3)
  10 bone dragons (Abyss:3 Tar:3 Tar:7)
  5 iron giants (Dis:7)
  A pearl dragon (Abyss:3)
  14 Tzitzimimeh (Zig:8 Zig:14 Pan Tar:5 Tar:7)
  18 Brimstone Fiends (Zig:8 Zig:14 Zig:18 Pan Tar:5)
  3 electric golems (Zot:2 Zot:3 Zot:5)
  10 hellephants (Zig:21 Zig:24 Geh:2 Geh:3 Geh:6)
  8 doom hounds (Depths:1 Depths:2 Tar:3 Tar:4 Tar:5)
  38 Ice Fiends (Zig:14 Zig:18 Zig:19 Pan Coc:1)
  23 tentacled monstrosities (Vaults:5 Zig:23 Pan Zot:2 Zot:3)
  21 Hell Sentinels (Zig:18 Zig:21 Pan Tar:5 Dis:1)
  18 titans (Vaults:5 Zig:12 Zig:17 Zig:19 Pan)
  15 Orb Guardians (Zot:5 D:8)
  7 quicksilver dragons (Zig:22 Zig:26 Zot:2 Zot:5 Zot:3)
  A shard shrike skeleton (Crypt:1)
  Asterion (Snake:3)
  3 deep elf blademasters (Elf:3)
  Grunn (Depths:2)
  5 deep elf master archers (Elf:3)
  3 walking frostbound tomes (Pan)
  17 tainted leviathans (Hell Tar:4 Tar:5 Tar:7)
  18 liches (Vaults:5 Abyss:3 Depths:1 Depths:3 Zig:17)
  9 sphinxes (Vaults:5 Zig:17 Depths:2 Tomb:1)
  13 searing wretches (Geh:1 Geh:2 Geh:3 Geh:6 Geh:7)
  23 Executioners (Abyss:3 Zig:14 Zig:18 Pan)
  20 tentacled starspawn (Abyss:3 Zig:21 Zig:24)
  23 acid blobs (Slime:1 Slime:5 Zig:3 Zig:10 Zig:13)
  32 ancient champions (Depths:1 Zig:9 Zig:12 Zig:25 Dis:1)
  8 death cobs (Zot:2 Zot:4 Zot:5)
  A kraken (Shoals:3)
  A tengu reaver (Zig:17)
  A thorn hunter (Zig:23)
  11 storm dragons (Vaults:5 Depths:4 Zot:1 Zot:3 Zot:5)
  5 shadow dragons (Vaults:5 Zig:17 Zot:3)
  10 rockslimes (Slime:5 Zig:10 Zig:13)
  15 azure jellies (Slime:1 Slime:2 Slime:5 Zig:3 Zig:13)
  14 revenants (Zig:25 Crypt:2 Tomb:1 Tomb:2 Tomb:3)
  2 draconian monks (Depths:2 Zot:2)
  7 deep elf sorcerers (Elf:3 Vaults:5 Abyss:3)
  5 demonspawn warmongers (Zig:14 Zig:18 Pan)
  2 draconian knights (Abyss:3 Zig:5)
  8 narguns (Zig:19 Coc:1 Coc:4 Coc:5)
  A fenstrider witch (shapeshifter) (Zig:4)
  A fenstrider witch (Pan)
  6 quicksilver elementals (Dis:1 Dis:2 Dis:3 Dis:4 Dis:5)
  11 protean progenitors (Pan Zot:5 Zot:3 Zot:1)
  A draconian scorcher (Zot:2)
  38 nagarajas (Snake:4 Zig:2 Zig:11 Zig:22 Zig:26)
  19 fire giants (D:15 Vaults:5 Depths:2 Depths:3 Depths:1)
  4 draconian shifters (Zig:5 Zig:24 Zot:2 Zot:3)
  7 frost giants (Vaults:5 Depths:1 Depths:2 Depths:3 Zig:19)
  25 balrugs (Abyss:3 Zig:18 Pan Geh:1 Geh:2)
  10 vault wardens (Vaults:1 Vaults:3 Vaults:5 Zig:17)
  A spectral caustic shrike (Tar:1)
  16 ghost moths (Zig:7 Zig:16 Zig:20 Zot:3)
  7 iron dragons (Vaults:5 Hell Dis:1 Dis:6)
  8 shard shrike simulacra (Coc:3 Coc:4 Coc:6 Coc:7)
  9 orc warlords (Vaults:1 Vaults:2 Vaults:3 Zig:15)
  5 emperor scorpions (Depths:3 Zig:16 Zig:20)
  2 deep elf elementalists (Abyss:3 Zig:24)
  Louise (D:15)
  27 cacodemons (Abyss:3 Zig:21 Pan Hell D:10)
  7 curse skulls (Zig:25 Pan Crypt:1)
  5 juggernaut skeletons (Pan Tomb:2)
  4 caustic shrike zombies (Abyss:3 Crypt:2 Crypt:3)
  14 demonspawn corrupters (Zig:14 Zig:18 Zig:21 Zig:24 Pan)
  3 draconian stormcallers (Abyss:3 Depths:4 Zot:2)
  A caustic shrike skeleton (Pan)
  19 reapers (Zig:9 Zig:12 Zig:18 Zig:25 Pan)
  17 quicksilver oozes (Slime:1 Slime:2 Slime:4 Slime:5 Slime:3)
  8 demonspawn blood saints (Zig:14 Zig:18 Pan)
  2 draconian annihilators (Pan Zot:2)
  7 ghouls (Zig:12 Zig:25 Crypt:2)
  23 very ugly things (Vaults:5 Abyss:3 Depths:2 Depths:3 Depths:1)
  2 angels (Shoals:4 Abyss:3)
  4 broodmothers (Zig:16 Zig:20)
  11 stone giants (Vaults:5 Depths:1 Depths:4 Zig:15)
  3 spriggan defenders (Depths:2)
  7 ironbound preservers (Vaults:1 Vaults:5 Vaults:3)
  An ophan (Abyss:3)
  7 formless jellyfish (Vaults:1 Vaults:3 Slime:2 Zig:13 Zig:27)
  2 ironbound thunderhulks (Vaults:4 Vaults:3)
  Nessos (Lair:3)
  4 red draconians (Zig:5 Zot:2 Zot:5)
  9 demonspawn black suns (Zig:14 Zig:18 Pan)
  28 putrid mouths (Hell Tar:1 Tar:3 Tar:7)
  14 deep elf annihilators (Elf:3 Zig:17 Pan)
  31 elemental wellsprings (Coc:1 Coc:3 Coc:4 Coc:5 Coc:6)
  12 vampire knights (Depths:2 Depths:4 Zig:9 Zig:12 Zig:25)
  2 eleionomae (Zig:23)
  An apis (Shoals:4)
  8 bennus (Tomb:2 Tomb:3)
  6 deep elf demonologists (Elf:1 Elf:3 Vaults:5 Depths:3)
  6 black draconians (Zig:5 Depths:4 Zot:5 Zot:1)
  18 deep elf death magi (Elf:2 Elf:3 Elf:1 Vaults:5 Zig:9)
  A green draconian (Zot:2)
  3 purple draconians (Zot:2 Zot:5)
  8 white draconians (Abyss:3 Zig:5 Zot:1 Zot:2 Zot:5)
  7 yellow draconians (Depths:4 Zot:1 Zot:2)
  A bunyip (Zig:23)
  4 lorocyprocas (Abyss:3 Zig:14 Zig:18 Pan)
  28 war gargoyles (Vaults:4 Vaults:5 Zig:1 Hell Dis:1)
  2 spark wasps (Zot:5)
  19 wendigos (Zig:19 Coc:2 Coc:3 Coc:4 Coc:5)
  A spectral titan (Tar:1)
  36 blizzard demons (Abyss:3 Zig:8 Zig:14 Zig:21 Zig:24)
  3 iron golems (Hell Dis:3)
  17 eidola (Zig:12 Zig:25 Tar:1 Crypt:3)
  3 fire dragons (Depths:2 Depths:4)
  18 merfolk impalers (Shoals:1 Shoals:4 Abyss:3 Zig:27)
  22 green deaths (Depths:3 Zig:8 Zig:18 Zig:23 Zig:24)
  A spectral quicksilver dragon (Tar:1)
  7 ettins (Vaults:5 Depths:4)
  An elf zombie (Crypt:2)
  18 mummy priests (Tomb:1 Tomb:2 Tomb:3)
  A crystal guardian (Vaults:3)
  4 deep elf high priests (Elf:1 Vaults:5 Zig:17)
  2 spectral krakens (Tar:7)
  3 kraken zombies (Hell)
  16 merfolk javelineers (Shoals:3 Shoals:4 Zig:27)
  3 shambling mangroves (Zig:23)
  12 jiangshi (Depths:1 Zig:25 Crypt:2)
  15 yaktaur captains (Vaults:1 Vaults:3 Vaults:5 Zig:17)
  7 spriggan zombies (Abyss:3 Crypt:2 Crypt:3)
  7 entropy weavers (Zig:7 Zig:16 Zig:20)
  4 spectral spriggans (Tar:1 Tar:3)
  A peacekeeper (Vaults:3)
  8 rakshasas (Abyss:3 Depths:3 Pan)
  A spriggan skeleton (Abyss:3)
  37 vault guards (D:13 Vaults:1 Vaults:5 Zig:17)
  12 caustic shrike simulacra (Depths:2 Coc:2 Coc:3 Coc:4 Coc:5)
  An ironbound frostheart (Vaults:1)
  A spectral tengu (Tar:1)
  4 jorogumos (Zig:16 Pan)
  10 hydras (Lair:3 Lair:5 Zig:23)
  5 great orbs of eyes (Vaults:1 Abyss:3 Vaults:2 Slime:5 Zig:13)
  7 juggernaut simulacra (Coc:1 Coc:2 Coc:3 Coc:4 Coc:7)
  5 ice dragons (Depths:1 Depths:2 Depths:4)
  6 hell beasts (Depths:1 Pan Hell)
  6 stokers (Geh:2 Geh:7)
  42 salamander tyrants (Snake:4 Zig:11 Zig:22 Zig:26 Geh:1)
  2 radroaches (Zig:16 Zig:20)
  4 alligators (Zig:23)
  An alligator snapping turtle (Shoals:4)
  3 satyrs (Shoals:3 Shoals:4 Zig:27)
  6 two-headed ogres (D:11 D:12 Vaults:5 Zig:15)
  4 merfolk avatars (Shoals:3 Shoals:4 Zig:27)
  16 merfolk aquamancers (Shoals:4 Zig:27)
  7 spriggan air magi (Depths:1 Depths:3 Depths:4 Zig:23 Pan)
  7 anacondas (Snake:1 Zig:11 Zig:22 Zig:26)
  15 dancing weapons (Volcano Elf:1 Elf:2 Elf:3 Abyss:3)
  An ogre mage (Vaults:5)
  10 centaur warriors (D:14 D:15 Shoals:1 Vaults:4)
  47 death scarabs (Tomb:1 Tomb:3)
  A tengu warrior (Depths:2)
  10 deep troll earth magi (Vaults:5 Depths:3 Depths:4)
  5 boulder beetles (Lair:4 D:13 D:14 Zig:16)
  2 titan zombies (Crypt:1 Tomb:3)
  11 naga warriors (Snake:1 Snake:3 Snake:4 Zig:11 Zig:22)
  11 deep troll shamans (Vaults:5 Depths:1 Depths:2 Depths:3 Depths:4)
  A spectral dire elephant (Tar:1)
  34 hell hogs (Lair:5 Abyss:3 Zig:21 Zig:24 Depths:4)
  20 thrashing horrors (Abyss:3 Zig:21 Zig:24)
  9 demonic crawlers (Abyss:3 Zig:7 Zig:20 Pan)
  A death yak (Shoals:4)
  6 spectral nagas (Tar:1 Tar:3)
  14 vampire magi (Abyss:3 Depths:1 Zig:9 Zig:12 Zig:25)
  4 occultists (Volcano Depths:3)
  16 naga sharpshooters (Snake:3 Snake:4 Zig:11 Zig:22 Zig:26)
  9 shock serpents (Snake:4 Zig:11 Zig:22 Zig:26)
  2 spriggan berserkers (Depths:1 Depths:2)
  3 hell knights (Depths:2 Depths:4)
  17 soul eaters (D:11 Abyss:3 Zig:18 Zig:25 Pan)
  3 orc high priests (Orc:2)
  41 sun demons (Abyss:3 Zig:18 Pan Depths:4 Hell)
  Sonja (Orc:2)
  13 iron trolls (Vaults:5 Depths:2 Depths:1 Zig:15 Depths:4)
  9 skysharks (Shoals:3 Lair:2 Depths:3 Pan)
  29 deep elf knights (Elf:1 Elf:2 Elf:3)
  A shock serpent (shapeshifter) (Vaults:5)
  8 shadow wraiths (Zig:9 Zig:12 Zig:21 Zig:25 Tar:3)
  21 wretched stars (Abyss:3 Zig:21 Zig:24)
  11 crystal echidnas (Dis:1 Dis:6 Dis:7)
  36 deep trolls (Vaults:1 Vaults:5 Vaults:3 Depths:2 Depths:1)
  14 skeletal warriors (Tomb:1 Tomb:2 Tomb:3)
  2 spectral anacondas (Tar:1 Tar:3)
  6 anaconda zombies (Abyss:3 Hell Crypt:2 Crypt:3)
  9 salamander mystics (Snake:3 Snake:4 Zig:22)
  7 quicksilver dragon simulacra (Depths:2 Coc:1 Coc:4 Coc:7)
  A bunyip zombie (Crypt:3)
  2 goliath frogs (Zig:23)
  9 pharaoh ants (Zig:7 Zig:16 Zig:20)
  5 arcanists (Vaults:1 Vaults:3 Vaults:4)
  2 cherubim (Shoals:4)
  2 golden dragon zombies (Crypt:2 Tomb:1)
  29 sixfirhies (Abyss:3 Pan Hell D:10)
  A storm dragon skeleton (Tomb:2)
  13 mana vipers (Snake:1 Snake:3 Snake:4 Zig:2 Zig:22)
  7 spatial maelstroms (Zig:21 Zig:24)
  3 orb spiders (Zig:16 Zig:20)
  19 sea snakes (Shoals:1 Shoals:3 Shoals:4 Snake:3 Zig:27)
  An obsidian statue (Zig:6)
  A spectral hydra (Tar:3)
  7 flayed ghosts (Depths:3 Zig:9 Zig:25 Crypt:1 Crypt:2)
  3 sun moths (Zig:20 Pan)
  2 orange crystal statues (Zig:6)
  16 shadow demons (Zig:8 Zig:14 Zig:18 Zig:21 Pan)
  A spectral alligator (Tar:1)
  10 glowing orange brains (Vaults:4 Slime:5 Depths:2 Zig:21 Zig:24)
  A tengu zombie (Crypt:3)
  A spectral iron dragon (Tar:5)
  5 spriggan simulacra (Zig:19 Coc:2 Coc:3 Coc:5 Coc:6)
  9 naga ritualists (Snake:4 Zig:22 Zig:26)
  6 thermic dynamos (Elf:2 Elf:3)
  3 swamp dragons (Zig:23)
  23 deep elf archers (Elf:1 Elf:2 Elf:3)
  7 steelbarb worms (Zig:7 Zig:16)
  3 lindwurms (Depths:2)
  9 necromancers (Vaults:5 Crypt:2 Crypt:3)
  9 ironbound convokers (Vaults:1 Vaults:4 Vaults:5 Zig:17)
  A bog body (Crypt:2)
  18 harpies (D:15 Shoals:3 Shoals:4 Zig:27)
  38 starcursed masses (Abyss:3 Zig:21 Zig:24)
  13 phantasmal warriors (Vaults:5 Zig:25 Crypt:1 Crypt:3)
  An obsidian bat (Zig:15)
  34 deep elf pyromancers (D:15 Elf:1 Elf:2 Elf:3)
  41 deep elf zephyrmancers (Elf:1 Elf:2 Elf:3)
  6 lightning spires (Abyss:3)
  15 orc knights (Orc:2 D:15 Vaults:1 Vaults:2 Vaults:5)
  An iron dragon zombie (Crypt:2)
  6 cyclopes (D:15 Shoals:3 Shoals:4)
  11 orc sorcerers (Orc:2 Volcano Zig:6 Zig:15)
  3 fauns (Shoals:4)
  15 manticores (D:11 Lair:3 Lair:5 Shoals:1 Shoals:3)
  7 shining eyes (Abyss:3 Slime:3 Slime:5 Zig:13)
  56 large abominations (Abyss:3 Zig:14 Zig:21 Zig:24 Pan)
  4 Executioner simulacra (Pan)
  4 dire elephant zombies (Crypt:2 Crypt:3 Tomb:3)
  15 wolf spiders (Depths:3 Zig:7 Zig:16 Zig:20)
  4 worldbinders (Abyss:3 Zig:21)
  15 elephants (Lair:3 Lair:4 Lair:5)
  29 ugly things (D:10 Vaults:1 Vaults:3 Vaults:4 Abyss:3)
  5 will-o-the-wisps (Abyss:3 Zig:23 Zig:24)
  21 moths of wrath (Zig:16 Zig:20 Zot:1 Zot:2 Zot:3)
  An iron dragon skeleton (Tomb:3)
  5 toenail golems (Volcano)
  A meliai (shapeshifter) (Elf:2)
  3 kobold blastminers (Orc:2 Zig:6)
  2 spectral centaurs (Tar:1)
  12 salamanders (Snake:1 Snake:3 Snake:4 Zig:11 Zig:26)
  12 guardian serpents (Snake:1 Snake:3 Snake:4 Zig:11 Zig:22)
  A black mamba (shapeshifter) (Elf:1)
  2 apocalypse crabs (Zig:21 Zig:24)
  14 vault sentinels (Vaults:1 Vaults:4 Vaults:5 Vaults:3 Zig:17)
  13 rust devils (D:11 Pan Hell)
  53 smoke demons (Abyss:3 D:11 Zig:8 Zig:14 Zig:21)
  7 ice statues (Pan Hell)
  43 black mambas (Lair:1 Lair:3 Lair:5 Snake:1 Snake:3)
  4 centaur zombies (Crypt:2 Crypt:3)
  6 eyes of devastation (Slime:1 Slime:5 Zig:10 Zig:13)
  26 naga magi (Snake:1 Snake:3 Snake:4 Zig:11 Zig:22)
  19 orange demons (D:11 Abyss:3 Zig:18 Pan Hell)
  12 water nymphs (Shoals:1 Shoals:3 Zig:27)
  5 titan simulacra (Coc:3 Coc:6 Coc:7)
  A dire elephant skeleton (Crypt:2)
  A fire giant skeleton (Crypt:2)
  3 naga zombies (Abyss:3 Tomb:3 Crypt:3)
  7 torpor snails (Lair:1 Zig:16 Zig:20)
  12 spectral swamp worms (Tar:7)
  14 cane toads (Lair:1 Lair:4 Lair:5 Lair:2)
  4 molten gargoyles (Hell)
  2 gargoyles (D:12 Zig:1)
  12 merfolk sirens (Shoals:1 Shoals:4 Zig:27)
  11 yaktaurs (D:15 Vaults:3 Vaults:5)
  3 unseen horrors (D:7 D:11 D:12)
  Jeremiah (Lair:1)
  4 kobold demonologists (D:7 D:11 D:14)
  6 rime drakes (D:11 IceCv Lair:1 Lair:2)
  An alligator snapping turtle skeleton (Crypt:1)
  A bunyip simulacrum (Coc:2)
  9 komodo dragons (Lair:1 Lair:3 Lair:2 Lair:5 Lair:4)
  15 tormentors (Zig:12 Zig:19 Pan Tar:3 Geh:1)
  15 freezing wraiths (D:15 Vaults:5 Abyss:3 Zig:17 Hell)
  21 hellions (Zig:14 Zig:24 Pan Coc:5 Coc:7)
  24 ancient zymes (Abyss:3 Zig:21 Zig:24)
  5 efreet (Abyss:3 Pan)
  4 iron giant simulacra (Coc:2 Coc:4 Coc:5 Coc:6)
  5 spectral harpies (Tar:1 Tar:3)
  A tengu conjurer (Depths:2)
  10 ice devils (D:11 Abyss:3 Pan)
  8 anaconda simulacra (Coc:2 Coc:4 Coc:5 Coc:6 Coc:7)
  A sea snake skeleton (Hell)
  2 bloated husks (Zig:23)
  3 harpy zombies (Crypt:3)
  20 merfolk (Shoals:1 Shoals:3 Shoals:4 Zig:27)
  8 hornets (Lair:4 Zig:23)
  A moth of wrath zombie (Crypt:1)
  2 hydra zombies (Hell)
  6 red devils (D:11 Zig:14 Pan)
  A golden dragon simulacrum (Coc:4)
  A polar bear (shapeshifter) (Abyss:3)
  10 trolls (D:7 D:10 D:11 Zig:6 Zig:15)
  15 polar bears (IceCv Lair:1 Lair:2 Lair:5)
  An alligator simulacrum (Hell)
  50 guardian mummies (Crypt:3 Tomb:1 Tomb:2 Tomb:3)
  12 tarantellas (Depths:3 Zig:7 Zig:16 Zig:20)
  A tyrant leech (Zig:23)
  18 wind drakes (Shoals:1 Shoals:4 Zig:27 Pan)
  A hornet (shapeshifter) (D:15)
  A harpy skeleton (Tomb:3)
  2 tengu simulacra (Depths:2)
  8 glass eyes (Slime:5 Depths:3 Zig:3 Zig:12 Zig:13)
  27 hellwings (Abyss:3 Zig:14 Zig:18 Zig:21 Pan)
  18 raiju (Lair:5 Abyss:3 Zig:21)
  A hydra skeleton (Hell)
  7 snapping turtles (Shoals:1 Shoals:4 Zig:27)
  4 ettin zombies (Crypt:2 Tomb:3)
  11 blink frogs (Lair:1 Lair:2 Abyss:3)
  A meliai zombie (Crypt:2)
  4 dream sheep (Shoals:3 Shoals:4)
  A snapping turtle (shapeshifter) (Zig:17)
  8 jumping spiders (Depths:3 Zig:16 Zig:20)
  53 slime creatures (D:15 Vaults:1 Vaults:4 Slime:2 Slime:4)
  A centaur simulacrum (Coc:2)
  3 stone giant simulacra (Coc:1 Coc:2 Coc:4)
  3 iron dragon simulacra (Depths:2 Coc:3 Coc:7)
  A jumping spider (shapeshifter) (D:14)
  9 water elementals (D:15 Elf:3 Depths:1 Zig:27)
  2 air elementals (Elf:2)
  A culicivora (shapeshifter) (D:15)
  5 ushabtiu (Tomb:1 Tomb:2 Tomb:3)
  A satyr skeleton (Crypt:1)
  21 ynoxinuls (D:11 Abyss:3 Zig:21 Zig:24 Pan)
  7 dire elephant simulacra (Abyss:3 Coc:3 Coc:4 Coc:5 Coc:6)
  3 spriggans (Depths:2 Zig:23)
  5 wraiths (Abyss:3 Zig:24 Crypt:1 Crypt:3)
  2 naga simulacra (Coc:3 Coc:4)
  3 basilisks (Lair:4 D:14)
  5 fire elementals (Elf:1 Elf:2 Abyss:3)
  5 culicivoras (Zig:20)
  5 humans (Volcano)
  4 fire bats (Abyss:3)
  2 sea snake simulacra (Hell)
  A wyvern (D:8)
  An alligator snapping turtle simulacrum (Coc:1)
  40 yaks (D:8 D:10 IceCv D:9 Lair:5)
  8 golden eyes (Slime:3 Slime:5 Zig:13)
  2 steam dragons (D:7 D:8)
  24 neqoxecs (Abyss:3 Zig:21 Zig:24 Pan)
  14 wargs (Orc:2 Lair:5 Zig:6 Zig:15)
  5 redbacks (Zig:7 Zig:20)
  7 vampire mosquitoes (D:13 D:12 Zig:23)
  A warg (shapeshifter) (D:14)
  A deep troll zombie (Crypt:3)
  12 chaos spawn (D:11 Abyss:3 Zig:14 Pan)
  Menkaure (D:4)
  11 harpy simulacra (Coc:1 Coc:3 Coc:5 Coc:6 Coc:7)
  A demonspawn zombie (Crypt:3)
  46 nagas (Lair:3 Snake:1 Snake:2 Snake:3 Snake:4)
  13 water moccasins (D:8 Lair:1 Lair:3 Lair:4 Lair:5)
  5 hydra simulacra (Coc:3 Coc:4 Coc:5 Coc:7)
  A water moccasin (shapeshifter) (Zig:4)
  A glowing shapeshifter skeleton (Crypt:2)
  17 hell hounds (Lair:5 Pan Hell)
  2 swamp drakes (D:10 Depths:2)
  A fire bat skeleton (Crypt:2)
  38 orc warriors (D:7 D:8 D:10 D:9 Orc:1)
  2 ice beasts (D:6 D:7)
  14 black bears (D:7 Lair:1 Lair:4 Lair:5)
  48 laughing skulls (D:13 Abyss:3 Zig:24 Crypt:1 Crypt:2)
  8 ettin simulacra (Coc:1 Coc:5 Coc:7)
  11 ogres (Orc:1 Orc:2 Vaults:5 Zig:6 Zig:15)
  A crocodile (shapeshifter) (D:10)
  3 sky beasts (D:4 D:8)
  A blink frog zombie (Crypt:2)
  5 boggarts (D:15)
  A blink frog skeleton (Crypt:2)
  10 centaurs (D:9 D:14 D:15)
  44 wolves (IceCv Lair:1 Lair:5)
  A phantom (D:7)
  A weeping skull (Abyss:3)
  4 kobold brigands (D:8 D:14)
  A gnoll sergeant (D:9)
  12 bullfrogs (D:8 D:9 Lair:1 Lair:2 Lair:4)
  4 brain worms (Abyss:3)
  4 scorpions (D:8)
  A demonspawn simulacrum (Coc:2)
  5 earth elementals (Elf:2 Elf:3 Abyss:3)
  2 elf skeletons (D:4)
  A two-headed ogre simulacrum (Crypt:2)
  15 small abominations (Abyss:3)
  7 wyvern skeletons (Crypt:3)
  7 killer bees (D:10)
  A howler monkey (D:10)
  3 electric eels (Lair:1 D:15 Snake:3)
  A nameless horror (Dis:7)
  2 quasits (Abyss:3)
  A bullfrog skeleton (Crypt:1)
  18 orc priests (D:7 D:8 D:11 D:10 D:9)
  3 hounds (D:6 D:5)
  7 jellies (D:8 Lair:5 D:5)
  2 iron imps (Abyss:3)
  2 sleepcaps (D:6 D:5)
  2 iguanas (D:4 D:7)
  A human skeleton (D:4)
  22 orc wizards (D:4 D:7 D:8 D:11 D:10)
  A boggart skeleton (Crypt:1)
  43 mummies (Ossuary Crypt:3 Tomb:1 Tomb:2 Tomb:3)
  4 gnolls (D:9)
  9 adders (D:4 Lair:4)
  2 shadow imps (D:8 D:6)
  2 white imps (D:8 Abyss:3)
  6 ufetubi (D:6 Abyss:3)
  64 orcs (D:4 D:7 D:8 D:11 D:10)
  3 ball pythons (D:1)
  3 bats (D:1 D:2)
  6 endoplasms (D:2 D:4 Lair:5)
  3 giant cockroaches (D:1 D:2)
  2 gnoll zombies (Ossuary)
  3 goblins (D:1 D:4)
  4 hobgoblins (D:2 D:4)
  2 jackals (D:2)
  4 quokkas (D:1 D:4 D:5)
  3 frilled lizards (D:1 D:2)
  3 hobgoblin zombies (Ossuary)
  12 kobolds (D:1 D:2 D:8 D:11)
  A kobold zombie (Ossuary)
  An orc skeleton (D:4)
  2 orc zombies (Ossuary)
  A quokka zombie (Crypt:1)
  2 rats (D:1 D:2)
  15 aspiring fleshes (Pan Zot:5 Zot:3 Zot:1)
  5 ball lightnings (Pan)
  5 creeping infernos (Geh:3 Geh:6 Geh:7)
  6 fire vortices (Elf:3 Zig:17 Pan Hell Geh:6)
  11 starspawn tentacles (Abyss:3 Zig:24)
  7 tentacles (Hell Tar:7)
4219 creatures vanquished.

Vanquished Creatures (collateral kills)
  2 golden dragons (Depths:2 Zig:23)
  A bone dragon (Tar:3)
  A Tzitzimitl (Tar:7)
  2 tentacled monstrosities (Zot:1 Zot:2)
  An Ice Fiend (Zig:19)
  A Hell Sentinel (Dis:7)
  A lich (Depths:3)
  2 Executioners (Pan)
  A tentacled starspawn (Zig:24)
  A nagaraja (Zig:11)
  A balrug (Geh:7)
  A cacodemon (Pan)
  A reaper (Pan)
  A juggernaut skeleton (Abyss:3)
  A stone giant (Vaults:5)
  A demonspawn black sun (Pan)
  A vampire knight (Zig:12)
  A deep elf death mage (Elf:3)
  A purple draconian (Zot:1)
  An eidolon (Zig:12)
  An iron golem (Dis:7)
  A spectral spriggan (Tar:5)
  A great orb of eyes (Slime:5)
  A hellephant skeleton (Pan)
  A spatial maelstrom (Zig:21)
  A deep troll (Vaults:5)
  A crystal echidna (Dis:3)
  A sea snake (Zig:27)
  A worldbinder (Abyss:3)
  3 smoke demons (Abyss:3 Hell)
  2 molten gargoyles (Hell)
  A hellion (Dis:3)
  A guardian mummy (Tomb:1)
  A hellwing (Pan)
  A slime creature (Slime:5)
  A neqoxec (Pan)
  A harpy simulacrum (Coc:3)
  A laughing skull (Crypt:1)
  2 starcursed masses (Zig:21)
  A weeping skull (Abyss:3)
  2 aspiring fleshes (Pan Zot:1)
  A fire vortex (Dis:3)
50 creatures vanquished.

Vanquished Creatures (others)
  Nikola (Snake:4)
  An eldritch tentacle (Pan)
  A shard shrike simulacrum (Coc:6)
  A caustic shrike simulacrum (Coc:4)
  A will-o-the-wisp (Zig:23)
  An air elemental (Elf:2)
  A laughing skull (Abyss:3)
  A quasit (Abyss:3)
  An ufetubus (Abyss:3)
  A ball lightning (Pan)
  711 fire vortices (Elf:3 Vaults:3 Vaults:5 Abyss:3 Slime:2)
  6 foxfires (Zig:24)
  A lurking horror (Abyss:3)
  10 starspawn tentacles (Abyss:3 Zig:21 Zig:24)
  5 tentacles (Hell)
743 creatures vanquished.

Grand Total: 5012 creatures vanquished

Notes
Turn   | Place    | Note
-------+----------+-------------------------------------------
     0 | D:1      | 1n5z the Deep Elf Alchemist began the quest for the Orb.
     0 | D:1      | Reached XP level 1. HP: 10/10 MP: 6/6
    11 | D:1      | Upgraded the game from 0.32-a0-712-g515539a to
                  | 0.32-a0-791-gfc315c9
    85 | D:1      | Reached XP level 2. HP: 15/15 MP: 1/8
   221 | D:2      | Reached skill level 2 in Conjurations
   433 | D:2      | Upgraded the game from 0.32-a0-791-gfc315c9 to
                  | 0.32-a0-868-g153ae1a
   535 | D:4      | Reached XP level 3. HP: 12/19 MP: 2/9
   539 | D:4      | Learned a level 3 spell: Mephitic Cloud
   606 | D:4      | Found a broken altar of Ashenzari.
   645 | D:4      | Reached skill level 4 in Alchemy
   645 | D:4      | Noticed Menkaure
   646 | D:4      | HP: 3/19 [goblin/sling bullet (5)]
   649 | D:4      | HP: 1/19 [goblin/sling bullet (2)]
   656 | D:4      | Killed Menkaure
   657 | D:4      | Reached skill level 4 in Spellcasting
   657 | D:4      | Reached skill level 3 in Conjurations
   657 | D:4      | Reached XP level 4. HP: 3/24 MP: 2/12
   657 | D:4      | Reached XP level 5. HP: 4/28 MP: 2/13
   744 | D:4      | Noticed a sky beast
   783 | D:4      | Killed a sky beast
   784 | D:4      | Reached skill level 4 in Conjurations
   784 | D:4      | Reached skill level 5 in Alchemy
   824 | D:4      | Found a radiant altar of Vehumet.
   831 | D:4      | Reached XP level 6. HP: 29/32 MP: 3/14
   835 | D:4      | Became a worshipper of Vehumet
   844 | D:4      | Learned a level 4 spell: Olgreb's Toxic Radiance
   849 | D:4      | Learned a level 4 spell: Sticky Flame
   923 | D:4      | Found a sand-covered staircase.
   945 | D:4      | Reached skill level 5 in Spellcasting
   951 | Ossuary  | Entered an ossuary
  1132 | Ossuary  | Reached skill level 5 in Conjurations
  1157 | Ossuary  | Reached XP level 7. HP: 22/36 MP: 5/16
  1157 | Ossuary  | Reached * piety under Vehumet
  1157 | Ossuary  | Offered knowledge of Sandblast by Vehumet.
  1327 | D:5      | Entered Level 5 of the Dungeon
  1773 | D:6      | Found a runed translucent gate.
  1781 | D:6      | Found a runed translucent gate.
  1781 | D:6      | Found a runed translucent gate.
  1781 | D:6      | Noticed NahIdwin's ghost (novice BaAr)
  1781 | D:6      | Noticed Lovepenguin's ghost (novice AtFi)
  1782 | D:6      | Noticed Lovepenguin's ghost (novice DECj)
  1824 | D:6      | Noticed Eustachio
  1829 | D:6      | HP: 7/36 [white imp/puff of frost[Eustachio] (9)]
  1841 | D:6      | HP: 13/36 [white imp/puff of frost[Eustachio] (5)]
  1879 | D:6      | Reached skill level 1 in Fire Magic
  1962 | D:7      | Reached skill level 2 in Fire Magic
  2076 | D:7      | Reached skill level 3 in Dodging
  2088 | D:7      | Reached XP level 8. HP: 28/41 MP: 11/18
  2092 | D:7      | Reached skill level 3 in Fire Magic
  2241 | D:7      | Found a staircase to the Ecumenical Temple.
  2286 | D:7      | Noticed a kobold demonologist
  2300 | D:7      | Noticed an orange demon
  2300 | D:7      | Killed an unseen horror
  2301 | D:7      | Reached skill level 4 in Fire Magic
  2461 | D:7      | Killed a kobold demonologist
  2462 | D:7      | Reached skill level 1 in Fighting
  2477 | D:7      | Noticed a troll
  2481 | D:7      | Killed a troll
  2482 | D:7      | Reached skill level 4 in Dodging
  2482 | D:7      | Reached skill level 5 in Fire Magic
  2482 | D:7      | Reached XP level 9. HP: 45/47 MP: 13/21
  2568 | D:8      | HP: 15/47 [acid (8)]
  2569 | D:8      | HP: 3/47 [acid (9)]
  2641 | D:8      | Reached skill level 2 in Fighting
  2657 | D:8      | Found a stormy altar of Qazlal.
  2760 | D:8      | Offered knowledge of Foxfire by Vehumet.
  2760 | D:8      | Reached ** piety under Vehumet
  2826 | D:8      | Reached skill level 5 in Dodging
  2851 | D:8      | Found a staircase to the Lair.
  2916 | D:10     | Entered Level 10 of the Dungeon
  2946 | D:10     | Reached XP level 10. HP: 55/55 MP: 10/23
  3067 | D:10     | Reached skill level 3 in Fighting
  3078 | D:10     | Noticed an orc knight
  3078 | D:10     | Noticed an orc knight
  3078 | D:10     | Noticed a red ugly thing
  3099 | D:10     | Found a runed translucent door.
  3099 | D:10     | Noticed ksj2083's ghost (novice TrFi)
  3119 | D:11     | Noticed a soul eater
  3211 | D:11     | Noticed a manticore
  3218 | D:11     | Killed a manticore
  3257 | D:11     | Reached skill level 1 in Armour
  3271 | D:11     | Found a frozen archway.
  3286 | IceCv    | Entered an ice cave
  3301 | IceCv    | Learned a level 4 spell: Iskenderun's Mystic Blast
  3308 | IceCv    | Offered knowledge of Frozen Ramparts by Vehumet.
  3368 | IceCv    | Reached skill level 1 in Translocations
  3387 | IceCv    | Reached skill level 2 in Translocations
  3460 | IceCv    | Reached skill level 2 in Armour
  3480 | IceCv    | Reached *** piety under Vehumet
  3601 | IceCv    | Reached skill level 10 in Conjurations
  3601 | IceCv    | Reached skill level 3 in Translocations
  3601 | IceCv    | Reached XP level 11. HP: 60/60 MP: 10/25
  3614 | IceCv    | Reached skill level 4 in Fighting
  4109 | D:11     | Reached skill level 4 in Translocations
  4173 | D:11     | Offered knowledge of Inner Flame by Vehumet.
  4182 | D:11     | Noticed a two-headed ogre
  4198 | D:11     | Killed a two-headed ogre
  4359 | D:10     | Reached skill level 3 in Armour
  4434 | D:10     | Reached **** piety under Vehumet
  4499 | D:9      | Offered knowledge of Volatile Blastmotes by Vehumet.
  4527 | D:9      | Found Soyl's Distillery.
  4530 | D:9      | Bought a potion of heal wounds for 55 gold pieces
  4530 | D:9      | Bought 2 potions of haste for 220 gold pieces
  4530 | D:9      | Bought a potion of resistance for 110 gold pieces
  4530 | D:9      | Bought a potion of brilliance for 44 gold pieces
  4530 | D:9      | Bought a potion of mutation for 88 gold pieces
  4790 | D:10     | Found a staircase to the Orcish Mines.
  4834 | Orc:1    | Entered Level 1 of the Orcish Mines
  4874 | Orc:2    | Entered Level 2 of the Orcish Mines
  4890 | Orc:1    | Noticed an orc warlord
  4945 | Orc:2    | Reached ***** piety under Vehumet
  4946 | Orc:2    | Reached XP level 12. HP: 68/68 MP: 13/27
  5001 | Orc:1    | Offered knowledge of Fireball by Vehumet.
  5006 | Orc:1    | Reached skill level 10 in Fire Magic
  5008 | Orc:1    | Noticed a two-headed ogre
  5193 | Orc:2    | Noticed an orc high priest
  5193 | Orc:2    | Noticed an orc high priest
  5193 | Orc:2    | Noticed an orc high priest
  5202 | Orc:2    | Reached skill level 5 in Fighting
  5202 | Orc:2    | Reached skill level 10 in Spellcasting
  5203 | Orc:2    | Killed an orc high priest
  5204 | Orc:2    | Reached skill level 4 in Armour
  5204 | Orc:2    | Killed an orc high priest
  5210 | Orc:2    | Killed an orc high priest
  5216 | Orc:2    | Found Cawigol's Magic Scroll Boutique.
  5216 | Orc:2    | Found Neluf's General Store.
  5220 | Orc:2    | Found Oblus's Assorted Antiques.
  5220 | Orc:2    | Found Hetucap's Weapon Emporium.
  5227 | Orc:2    | Bought a scroll of teleportation for 33 gold pieces
  5227 | Orc:2    | Bought a scroll of revelation for 82 gold pieces
  5227 | Orc:2    | Bought a scroll of identify for 22 gold pieces
  5227 | Orc:2    | Bought a scroll of teleportation for 33 gold pieces
  5227 | Orc:2    | Bought a scroll of butterflies for 44 gold pieces
  5230 | Orc:2    | Bought a scroll of fear for 124 gold pieces
  5240 | Orc:2    | Bought a potion of lignification for 39 gold pieces
  5240 | Orc:2    | Bought a potion of lignification for 39 gold pieces
  5266 | Orc:2    | Found a staircase to the Elven Halls.
  5278 | Orc:2    | Noticed Sonja
  5284 | Orc:2    | Killed Sonja
  5310 | Orc:2    | Learned a level 5 spell: Fireball
  5470 | Lair:1   | Entered Level 1 of the Lair of Beasts
  5474 | Lair:1   | Noticed Jeremiah
  5478 | Lair:1   | Killed Jeremiah
  5797 | Lair:1   | Reached XP level 13. HP: 74/74 MP: 28/30
  5849 | Lair:1   | Reached skill level 5 in Armour
  5859 | Lair:1   | Offered knowledge of Fulminant Prism by Vehumet.
  5884 | Lair:1   | Identified the +2 cloak of Ditops {rF- Will++ Str+3}
  6019 | Lair:1   | Found a dark tunnel.
  6029 | Volcano  | Entered a volcano
  6318 | Lair:3   | Found a staircase to the Snake Pit.
  6350 | Lair:2   | Identified the amulet of Lauzasi {Reflect rElec Will+ Int+3
                  | SH+5}
  6416 | Lair:2   | Identified a scroll of acquirement
  6416 | Lair:2   | Acquired a staff of fire
  6442 | Lair:2   | Found the ring of the Tortoise {AC+8}
  6512 | Lair:3   | Noticed Nessos
  6515 | Lair:3   | Killed Nessos
  6657 | Lair:3   | Found a staircase to the Shoals.
  6741 | Lair:4   | Noticed Deteph's ghost (journeyman NaSu)
  6876 | Lair:5   | Entered Level 5 of the Lair of Beasts
  6950 | Lair:5   | Reached XP level 14. HP: 82/82 MP: 30/32
  7001 | Lair:5   | Offered knowledge of Plasma Beam by Vehumet.
  7017 | Lair:5   | Learned a level 6 spell: Plasma Beam
  7281 | Lair:5   | Reached skill level 15 in Conjurations
  7360 | Lair:5   | Got an earthy gem with 2093 turns to spare
  7398 | Lair:5   | Offered knowledge of Yara's Violent Unravelling by Vehumet.
  7450 | Lair:4   | Found the +5 moon troll leather armour {Spirit, Regen++
                  | MP+5}
  7646 | Lair:2   | Reached skill level 1 in Air Magic
  8085 | D:13     | Reached skill level 2 in Air Magic
  8209 | D:13     | Reached skill level 3 in Air Magic
  8237 | D:13     | Found a gate to the Vaults.
  8432 | D:15     | Entered Level 15 of the Dungeon
  8435 | D:15     | Reached ****** piety under Vehumet
  8435 | D:15     | Offered knowledge of Permafrost Eruption by Vehumet.
  8436 | D:15     | Reached skill level 15 in Fire Magic
  8444 | D:15     | Reached skill level 4 in Air Magic
  8449 | D:15     | Reached XP level 15. HP: 88/88 MP: 10/34
  8456 | D:15     | Learned a level 6 spell: Bombard
  8489 | D:15     | Noticed Louise
  8507 | D:15     | Killed Louise
  8610 | D:15     | Reached skill level 5 in Air Magic
  8697 | D:15     | Noticed a fire giant
  8707 | D:15     | Found a staircase to the Depths.
  8713 | D:15     | Killed a fire giant
  8750 | D:15     | Got a smoky gem with 3979 turns to spare
  9148 | Shoals:1 | Entered Level 1 of the Shoals
  9346 | Shoals:3 | Found a transporter.
  9352 | Shoals:3 | Found a transporter.
  9429 | Shoals:3 | HP: 35/88 [manticore (53)]
  9442 | Shoals:3 | HP: 34/88 [merfolk javelineer/silver javelin (3)]
  9453 | Shoals:3 | Found a transporter.
  9456 | Shoals:3 | Found a transporter.
  9484 | Shoals:3 | Found a transporter.
  9488 | Shoals:3 | Found a transporter.
  9555 | Shoals:4 | Entered Level 4 of the Shoals
  9609 | Shoals:4 | Offered knowledge of Iskenderun's Battlesphere by Vehumet.
  9690 | Shoals:4 | Identified the +6 hand axe of Harmony {speed, Will+ rCorr}
  9717 | Shoals:4 | Found a glowing golden altar of the Shining One.
  9724 | Shoals:4 | Identified the staff of the Hawk {rPois Summ Alchemy}
  9726 | Shoals:4 | HP: 27/88 [merfolk javelineer/silver javelin (13)]
  9838 | Shoals:4 | Reached XP level 16. HP: 93/93 MP: 25/36
  9877 | Shoals:4 | Found a glowing silver altar of Zin.
  9921 | Shoals:4 | Reached skill level 15 in Spellcasting
 10073 | Shoals:4 | Found a white marble altar of Elyvilon.
 10090 | Shoals:4 | Got the Lectures on Cinders
 10093 | Shoals:4 | Got a barnacled rune of Zot
 10095 | Shoals:4 | Got an azure gem with 794 turns to spare
 10147 | Shoals:3 | Noticed a kraken
 10164 | Shoals:3 | Killed a kraken
 10226 | Snake:1  | Entered Level 1 of the Snake Pit
 10226 | Snake:1  | Found Usupp's Book Boutique.
 10346 | Snake:1  | HP: 36/93 [shock serpent/bolt of electricity (24)]
 10461 | Snake:3  | Offered knowledge of Ignition by Vehumet.
 10477 | Snake:3  | Learned a level 8 spell: Ignition
 10562 | Snake:3  | Found Ring's Distillery.
 10584 | Snake:3  | Bought 2 potions of curing for 84 gold pieces
 10584 | Snake:3  | Bought a potion of curing for 42 gold pieces
 10584 | Snake:3  | Bought a potion of resistance for 140 gold pieces
 10584 | Snake:3  | Bought a potion of brilliance for 56 gold pieces
 10584 | Snake:3  | Bought a potion of brilliance for 56 gold pieces
 10661 | Snake:4  | Entered Level 4 of the Snake Pit
 10661 | Snake:4  | Found Pirphuan's Weapon Shoppe.
 10798 | Snake:3  | Noticed Asterion
 10801 | Snake:3  | Killed Asterion
 10844 | Snake:3  | Identified the +0 pair of boots of Articulation {Rampage
                  | Str+5 Int+2 SInv}
 11160 | Snake:4  | Found Zasajung's Weapon Emporium.
 11285 | Snake:4  | Noticed Nikola
 11290 | Snake:4  | Killed Nikola
 11383 | Snake:4  | Offered knowledge of Chain Lightning by Vehumet.
 11383 | Snake:4  | Offered knowledge of Polar Vortex by Vehumet.
 11383 | Snake:4  | Offered knowledge of Maxwell's Capacitive Coupling by
                  | Vehumet.
 11384 | Snake:4  | Reached XP level 17. HP: 97/97 MP: 12/39
 11545 | Snake:4  | HP: 24/99 [salamander tyrant (27)]
 11635 | Snake:4  | HP: 39/99 [salamander/+1 vampiric glaive (6)]
 11731 | Snake:4  | HP: 32/99 [poisoned by a nagaraja (poison arrow)]
 11735 | Snake:4  | HP: 14/99 [poisoned by a nagaraja (poison arrow)]
 11740 | Snake:4  | HP: 9/99 [poisoned by a nagaraja (poison arrow)]
 11745 | Snake:4  | HP: 10/99 [poisoned by a nagaraja (poison arrow)]
 11851 | Snake:4  | Got a serpentine rune of Zot
 11876 | Snake:4  | Got a jade gem with 733 turns to spare
 12202 | Elf:1    | Entered Level 1 of the Elven Halls
 12316 | Elf:1    | Found Heiguozi's Antique Armour Boutique.
 12320 | Elf:1    | Found a flickering gateway to a bazaar.
 12330 | Bazaar   | Entered a bazaar
 12330 | Bazaar   | Found Sepnuc's Antique Weapon Shop.
 12342 | Bazaar   | Found Inahung's Antique Armour Shop.
 12350 | Bazaar   | Bought a glowing cloak for 180 gold pieces
 12376 | Bazaar   | Found Pamogy's General Store.
 12384 | Bazaar   | Bought a potion of resistance for 90 gold pieces
 12384 | Bazaar   | Bought a potion of heal wounds for 45 gold pieces
 12384 | Bazaar   | Bought a scroll of revelation for 67 gold pieces
 12403 | Elf:1    | Got Sif Muna's Enchiridion on Takwin and Desecration
 12468 | Elf:1    | Got the Elucidation of Production
 12511 | Elf:1    | Identified the +3 rapier of the Bespelled God {flame,
                  | Dex+2}
 12517 | Elf:1    | Found an ancient bone altar of Kikubaaqudgha.
 12557 | Elf:1    | Found Adox's Weapon Boutique.
 12578 | Elf:1    | Found Roci's General Store.
 12594 | Elf:1    | Found Hunar's General Store.
 12911 | Elf:2    | HP: 39/99 [thermic dynamo/rebounding bolt of cold (40)]
 12974 | Elf:2    | Found Ysosucw's Magic Scroll Emporium.
 12980 | Elf:2    | Bought a scroll of blinking for 150 gold pieces
 12980 | Elf:2    | Bought a scroll of teleportation for 60 gold pieces
 12980 | Elf:2    | Bought a scroll of identify for 40 gold pieces
 12980 | Elf:2    | Bought a scroll of identify for 40 gold pieces
 13073 | Elf:2    | Reached XP level 18. HP: 105/105 MP: 21/41
 13174 | Elf:2    | Reached skill level 20 in Fire Magic
 13231 | Elf:2    | Identified the +10 great sword "Kukhothri" {heavy, Dex+3}
 13231 | Elf:2    | Identified the +3 leather armour "Osyleg" {+Blink}
 13275 | Elf:2    | Found the +2 shield of Resistance {rF++ rC++ Will++}
 13277 | Elf:2    | Identified the +9 chain mail "Cige" {rN+ MP+9 Dex-4 Stlth+}
 13336 | Elf:3    | Entered Level 3 of the Elven Halls
 13402 | Elf:3    | Found a huge runed translucent gate.
 13402 | Elf:3    | Found a huge runed translucent gate.
 13402 | Elf:3    | Found a huge runed translucent gate.
 13402 | Elf:3    | Found a huge runed translucent gate.
 13402 | Elf:3    | Found Wekaczir's Antique Armour Shop.
 13402 | Elf:3    | Found a huge runed translucent gate.
 13403 | Elf:3    | Found a huge runed translucent gate.
 13404 | Elf:3    | Found a huge runed translucent gate.
 13405 | Elf:3    | Found a huge runed translucent gate.
 13406 | Elf:3    | Found a huge runed translucent gate.
 13407 | Elf:3    | Found a huge runed translucent gate.
 13408 | Elf:3    | Found a huge runed translucent gate.
 13418 | Elf:3    | Found a huge runed translucent gate.
 13418 | Elf:3    | Found a huge runed translucent gate.
 13418 | Elf:3    | Found a huge runed translucent gate.
 13418 | Elf:3    | Found a huge runed translucent gate.
 13419 | Elf:3    | Found a huge runed translucent gate.
 13422 | Elf:3    | Found a huge runed translucent gate.
 13422 | Elf:3    | Found a huge runed translucent gate.
 13426 | Elf:3    | Found a huge runed translucent gate.
 13427 | Elf:3    | Found a huge runed translucent gate.
 13428 | Elf:3    | Found a huge runed translucent gate.
 13429 | Elf:3    | Found a huge runed translucent gate.
 13430 | Elf:3    | Found a huge runed translucent gate.
 13430 | Elf:3    | Found a huge runed translucent gate.
 13438 | Elf:3    | Found a huge runed translucent gate.
 13439 | Elf:3    | Found a huge runed translucent gate.
 13439 | Elf:3    | Found a huge runed translucent gate.
 13439 | Elf:3    | Found a huge runed translucent gate.
 13439 | Elf:3    | Found a huge runed translucent gate.
 13446 | Elf:3    | Found a huge runed translucent gate.
 13471 | Elf:3    | HP: 42/106 [burnt (5)]
 13532 | Elf:3    | Learned a level 9 spell: Fire Storm
 13553 | Elf:3    | Found a huge runed translucent gate.
 13554 | Elf:3    | Found a huge runed translucent gate.
 13554 | Elf:3    | Found a huge runed translucent gate.
 13662 | Elf:3    | Reached skill level 20 in Conjurations
 13682 | Elf:3    | Identified the +1 robe "Hatheman" {rElec rC+ rN+}
 13687 | Elf:3    | Reached skill level 10 in Fighting
 13767 | Elf:3    | Identified the ring of the Destroying Hero {rPois rN+
                  | Slay+2 SInv}
 13771 | Elf:3    | Got a shimmering gem with 335 turns to spare
 13774 | Elf:3    | Identified the +10 plate armour of Rotini {rPois Int+3}
 13789 | Elf:3    | Identified the +2 chain mail of the Realm of Zot {SInv}
 13792 | Elf:3    | Got the Elucidation of Hurting
 13882 | Elf:3    | Identified the staff "Yggaup" {rF+ Int+2 Fire}
 14221 | D:11     | Reached XP level 19. HP: 110/111 MP: 43/43
 14371 | Vaults:1 | Entered Level 1 of the Vaults
 14387 | Vaults:1 | Found Riemak's Book Shoppe.
 14404 | Vaults:1 | Learned a level 2 spell: Blink
 14487 | Vaults:1 | Reached skill level 1 in Earth Magic
 14662 | Vaults:1 | Reached skill level 2 in Earth Magic
 14767 | Vaults:3 | Found a flickering gateway to a bazaar.
 14781 | Bazaar   | Entered a bazaar
 14810 | Bazaar   | Found Ureetoy's Magic Scroll Shoppe.
 14818 | Bazaar   | Bought a scroll of amnesia for 48 gold pieces
 14818 | Bazaar   | Bought a scroll of immolation for 48 gold pieces
 14830 | Bazaar   | Found Egguoq's Magic Scroll Shoppe.
 14838 | Bazaar   | Bought 2 scrolls of blinking for 120 gold pieces
 14838 | Bazaar   | Bought 3 scrolls of teleportation for 72 gold pieces
 14838 | Bazaar   | Bought a scroll of teleportation for 24 gold pieces
 14838 | Bazaar   | Bought a scroll of immolation for 32 gold pieces
 14838 | Bazaar   | Bought a scroll of immolation for 32 gold pieces
 14842 | Bazaar   | Bought a scroll of amnesia for 32 gold pieces
 14878 | Vaults:3 | Paralysed by a formless jellyfish for 1 turns
 15045 | Vaults:4 | Found Remm's Assorted Antiques.
 15061 | Vaults:4 | Bought a scroll of fog for 104 gold pieces
 15124 | Vaults:4 | Reached skill level 3 in Earth Magic
 15254 | Vaults:5 | Entered Level 5 of the Vaults
 15257 | Vaults:5 | Reached skill level 4 in Earth Magic
 15257 | Vaults:5 | Noticed an ancient lich
 15292 | Vaults:5 | Noticed a golden dragon
 15387 | Vaults:5 | HP: 20/97 [shadow dragon/bolt of negative energy (40)]
 15392 | Vaults:5 | Identified the ring of Vic Suom {rPois rF+ Int+5}
 15430 | Abyss:3  | Cast into level 3 of the Abyss (a deep elf sorcerer)
 15580 | Abyss:3  | Reached XP level 20. HP: 106/108 MP: 40/45
 15613 | Abyss:3  | Reached skill level 10 in Dodging
 15613 | Abyss:3  | Reached skill level 5 in Earth Magic
 15714 | Abyss:3  | HP: 39/117 [large abomination (25)]
 15848 | Abyss:3  | Noticed a pearl dragon
 15867 | Abyss:3  | Killed a pearl dragon
 15924 | Abyss:3  | Noticed a bone dragon
 15970 | Abyss:3  | Noticed a bone dragon
 15980 | Abyss:3  | Killed a bone dragon
 16044 | Abyss:3  | Found a corrupted altar of Lugonu.
 16104 | Abyss:3  | Noticed a bone dragon
 16113 | Abyss:3  | Killed a bone dragon
 16165 | Abyss:3  | Reached skill level 20 in Spellcasting
 16324 | Abyss:3  | HP: 39/112 [laughing skull/bolt of negative energy (21)]
 16329 | Abyss:3  | HP: 39/111 [laughing skull/bolt of negative energy (6)]
 16579 | Abyss:3  | HP: 39/117 [lightning spire/bolt of electricity (13)]
 16579 | Abyss:3  | HP: 7/117 [lightning spire/bolt of electricity (32)]
 16580 | Abyss:3  | HP: 1/117 [smoke demon/divine providence (7)]
 16602 | Abyss:3  | HP: 43/117 [lightning spire/bolt of electricity (13)]
 16627 | Abyss:3  | HP: 45/117 [lightning spire/bolt of electricity (16)]
 16645 | Abyss:3  | HP: 32/117 [lightning spire/bolt of electricity (16)]
 16648 | Abyss:3  | Reached XP level 21. HP: 24/122 MP: 9/47
 16675 | Abyss:3  | HP: 40/122 [large abomination (19)]
 16676 | Abyss:3  | HP: 15/122 [large abomination (26)]
 16704 | Abyss:3  | HP: 38/122 [something (12)]
 16710 | Abyss:3  | Noticed a dread lich
 16723 | Abyss:3  | Got an abyssal rune of Zot
 16839 | Abyss:3  | Gained mutation: You occasionally lose the ability to read
                  | scrolls when taking damage. [a shining eye]
 16843 | Abyss:3  | Lost mutation: You occasionally lose the ability to read
                  | scrolls when taking damage. [potion of mutation]
 16843 | Abyss:3  | Gained mutation: You have an increased reservoir of magic.
                  | (+10% MP) [potion of mutation]
 16985 | Vaults:5 | Escaped the Abyss
 17120 | Vaults:5 | HP: 36/122 [yaktaur captain/bolt (17)]
 17199 | Vaults:5 | Found the ring of the Octopus King {rCorr HP+2 AC+2 EV+2
                  | SH+2}
 17288 | Vaults:5 | Identified the +3 shortbow "Omaczap" {speed, *Slow Str+3
                  | SInv}
 17293 | Vaults:5 | Noticed a golden dragon
 17295 | Vaults:5 | Killed a golden dragon
 17336 | Vaults:5 | Noticed a golden dragon
 17363 | Vaults:5 | Killed a golden dragon
 17553 | Vaults:5 | Noticed a golden dragon
 17557 | Vaults:5 | Killed an ancient lich
 17559 | Vaults:5 | Killed a golden dragon
 17636 | Vaults:5 | Identified the amulet of Ignis's Hope {Acrobat rF- Dex+5}
 17652 | Vaults:5 | Killed a golden dragon
 17686 | Vaults:5 | Got Sif Muna's Compilation of the Endless Bones
 17689 | Vaults:5 | Identified the staff "Jiequx Haa" {*Slow rPois rF+ Summ
                  | Fire}
 17784 | Vaults:5 | Identified the +7 chain mail of Biaseloc {rF- rN+ Int+4
                  | Stlth+}
 17895 | Vaults:5 | Noticed an ancient lich
 17914 | Vaults:5 | Killed an ancient lich
 18034 | Vaults:5 | Got a silver rune of Zot
 18036 | Vaults:5 | Got a shining gem with 1737 turns to spare
 18157 | Vaults:3 | Learned a level 4 spell: Passage of Golubria
 18164 | Vaults:3 | Reached XP level 22. HP: 127/127 MP: 54/54
 18421 | D:11     | Found a runed translucent door.
 18552 | Lair:4   | Found a transporter.
 18584 | Lair:5   | Found a staircase to the Slime Pits.
 18584 | Lair:5   | Found a viscous altar of Jiyva.
 18590 | Slime:1  | Entered Level 1 of the Pits of Slime
 18726 | Slime:5  | Entered Level 5 of the Pits of Slime
 18767 | Slime:5  | Noticed the Royal Jelly
 18770 | Slime:5  | Killed the Royal Jelly
 18771 | Slime:5  | Reached skill level 5 in Translocations
 18809 | Slime:5  | Reached skill level 10 in Air Magic
 18855 | Slime:5  | Identified the ring "Bup Tun" {Ice ^Drain rElec rPois
                  | Str+2}
 18881 | Slime:5  | Identified the +2 short sword of Indignation {elec, rPois
                  | Int+2}
 18908 | Slime:5  | Identified the dragon-blood talisman "Gicuos" {*Slow rN+
                  | Dex+4}
 18922 | Slime:5  | Identified the +8 hand axe of Fisegumo {spect, Str+3 Dex+2
                  | Stlth+}
 18951 | Slime:5  | Got a slimy rune of Zot
 18962 | Slime:5  | Got a starry gem with 223 turns to spare
 19285 | Depths:1 | Entered Level 1 of the Depths
 19341 | Depths:1 | Found Hufone Xal's Magic Scroll Emporium.
 19348 | Depths:1 | Bought a scroll of acquirement for 676 gold pieces
 19348 | Depths:1 | Acquired 762 gold pieces
 19350 | Depths:1 | Bought a scroll of enchant armour for 97 gold pieces
 19350 | Depths:1 | Bought a scroll of enchant armour for 97 gold pieces
 19350 | Depths:1 | Bought a scroll of revelation for 97 gold pieces
 19472 | Depths:2 | Noticed a golden dragon
 19472 | Depths:2 | Noticed Grunn
 19496 | Depths:2 | Killed a golden dragon
 19574 | Depths:3 | Found a gateway to Hell.
 19591 | Depths:3 | Learned a level 7 spell: Orb of Destruction
 19757 | Depths:3 | Noticed Norris
 19763 | Depths:3 | Killed Norris
 19880 | Depths:3 | Reached skill level 10 in Earth Magic
 20204 | Depths:2 | Noticed Bai Suzhen
 20207 | Depths:2 | Killed Bai Suzhen
 20272 | Depths:1 | Reached XP level 23. HP: 135/135 MP: 45/56
 20495 | Depths:2 | Killed Grunn
 20499 | Depths:2 | Identified the ring "Areulaac" {Ice ^Drain Fly Int+6 Dex+2}
 20499 | Depths:2 | Noticed Josephina
 20507 | Depths:2 | Killed Josephina
 20511 | Depths:2 | Noticed the Enchantress
 20513 | Depths:2 | Killed the Enchantress
 20733 | Depths:3 | Found a one-way gate to the infinite horrors of the Abyss.
 20753 | Depths:4 | Entered Level 4 of the Depths
 20779 | Depths:4 | Found a one-way gateway to a ziggurat.
 20796 | Zig:1    | Entered Level 1 of a ziggurat
 20809 | Zig:2    | Entered Level 2 of a ziggurat
 20822 | Zig:3    | Entered Level 3 of a ziggurat
 20844 | Zig:4    | Entered Level 4 of a ziggurat
 20847 | Zig:4    | Noticed a Killer Klown
 20849 | Zig:4    | Killed a Killer Klown
 20855 | Zig:4    | Identified the +10 spear of Plunder {protect, rElec Int+4}
 20857 | Zig:5    | Entered Level 5 of a ziggurat
 20871 | Zig:5    | Identified the amulet of Xom's Wantonness {Faith rPois
                  | Int+2 Dex-3}
 20877 | Zig:5    | Acquired the Folio of Scorching Amathomancy
 20882 | Zig:6    | Entered Level 6 of a ziggurat
 20911 | Zig:7    | Entered Level 7 of a ziggurat
 20940 | Zig:7    | Identified the +7 short sword "Gram" {elec, rElec rC+}
 20943 | Zig:7    | Got the Spellbook of the Destructive Storm
 20946 | Zig:8    | Entered Level 8 of a ziggurat
 20956 | Zig:8    | Noticed Pecakeso the pandemonium lord
 20958 | Zig:8    | Killed Pecakeso the pandemonium lord
 20983 | Zig:9    | Entered Level 9 of a ziggurat
 20986 | Zig:9    | Noticed a dread lich
 20987 | Zig:9    | Noticed an ancient lich
 20988 | Zig:9    | Killed an ancient lich
 20989 | Zig:9    | Found the +6 Majin-Bo {spellvamp, MP+6 Int+6}
 20990 | Zig:9    | Killed a dread lich
 20999 | Zig:9    | Identified the amulet of Ugouceal {rPois rC+++ Will-
                  | RegenMP+}
 21003 | Zig:9    | Identified the staff of Kiychy {rPois Str+3 Summ Ice
                  | Alchemy}
 21011 | Zig:10   | Entered Level 10 of a ziggurat
 21037 | Zig:10   | Reached XP level 24. HP: 142/142 MP: 57/57
 21039 | Zig:11   | Entered Level 11 of a ziggurat
 21058 | Zig:11   | Found the +7 captain's cutlass {speed, disarm}
 21065 | Zig:11   | Got the Enchiridion on Effulgent Toxicants
 21069 | Zig:11   | Got Ihurid's Last Encyclopedia of the Archmaster
 21082 | Zig:12   | Entered Level 12 of a ziggurat
 21093 | Zig:12   | Noticed a dread lich
 21097 | Zig:12   | Noticed an ancient lich
 21099 | Zig:12   | Reached skill level 15 in Air Magic
 21100 | Zig:12   | Killed a dread lich
 21101 | Zig:12   | Reached XP level 25. HP: 140/147 MP: 37/57
 21103 | Zig:12   | Killed an ancient lich
 21115 | Zig:12   | Found the ring of the Hare {EV+10}
 21120 | Zig:12   | Identified the +9 orcbow "Zirut" {heavy, rN+ Str+2 Int-3
                  | Stlth+}
 21140 | Zig:13   | Entered Level 13 of a ziggurat
 21154 | Zig:13   | Found the amulet of the Air {Inacc Air Fly rElec RMsl}
 21166 | Zig:13   | Identified the ring "Oxiuwiemaa" {Fly rF+ Int+2 Dex+3}
 21182 | Zig:14   | Entered Level 14 of a ziggurat
 21197 | Zig:14   | Noticed Garpha the pandemonium lord
 21199 | Zig:14   | Reached skill level 15 in Earth Magic
 21200 | Zig:14   | Killed Garpha the pandemonium lord
 21220 | Zig:14   | Reached XP level 26. HP: 152/152 MP: 58/58
 21238 | Zig:15   | Entered Level 15 of a ziggurat
 21259 | Zig:15   | Identified the staff "Nopoich" {rF+ rN+ Fire Earth}
 21283 | Zig:16   | Entered Level 16 of a ziggurat
 21317 | Zig:16   | Identified the -2 pair of gloves of Gluttony {*Corrode
                  | Dex+5 Stlth+}
 21359 | Zig:17   | Entered Level 17 of a ziggurat
 21365 | Zig:17   | Noticed an ancient lich
 21365 | Zig:17   | Noticed a dread lich
 21367 | Zig:17   | Killed a dread lich
 21367 | Zig:17   | Killed an ancient lich
 21367 | Zig:17   | Noticed a dread lich
 21368 | Zig:17   | Killed a dread lich
 21371 | Zig:17   | Noticed an ancient lich
 21373 | Zig:17   | Killed an ancient lich
 21393 | Zig:17   | Acquired 1007 gold pieces
 21402 | Zig:17   | Identified the amulet "Peocenk" {Faith rElec rPois rF+}
 21405 | Zig:18   | Entered Level 18 of a ziggurat
 21420 | Zig:18   | Reached XP level 27. HP: 157/157 MP: 40/58
 21420 | Zig:18   | Noticed Ycuethra the pandemonium lord
 21423 | Zig:18   | Killed Ycuethra the pandemonium lord
 21423 | Zig:18   | HP: 52/159 [demonspawn blood saint/iceblast (29)]
 21448 | Zig:18   | Identified the amulet "Xiah Kov" {Faith rElec Str+2}
 21460 | Zig:18   | Identified the +2 glaive "Ogerhoh" {protect, rElec}
 21493 | Zig:19   | Entered Level 19 of a ziggurat
 21506 | Zig:19   | Reached skill level 25 in Spellcasting
 21509 | Zig:19   | HP: 43/159 [??? (41)]
 21536 | Zig:19   | Identified the staff "Yrunaumu" {*Slow rN+ Dex+3 SInv Necro
                  | Tloc}
 21550 | Zig:19   | Got Koasypeck's Disquisition on Blasphemous Arts
 21561 | Zig:19   | Reached skill level 20 in Earth Magic
 21597 | Zig:19   | Learned a level 9 spell: Chain Lightning
 21607 | Zig:19   | Learned a level 9 spell: Shatter
 21609 | Zig:20   | Entered Level 20 of a ziggurat
 21644 | Zig:20   | Identified the ring "Bajistru" {rCorr Dex+8}
 21647 | Zig:20   | Identified the +6 rapier of Ascent {protect, rPois rN+
                  | Int+2 Dex-2}
 21667 | Zig:21   | Entered Level 21 of a ziggurat
 21692 | Zig:21   | Reached skill level 20 in Air Magic
 21718 | Zig:21   | Identified the +6 chain mail of Zin's Pride {rF+ Dex+2}
 21736 | Zig:21   | Identified the +2 dagger "Jeijanym" {freeze, *Slow Int+2
                  | Dex+2 SInv}
 21742 | Zig:22   | Entered Level 22 of a ziggurat
 21752 | Zig:22   | HP: 66/165 [quicksilver dragon/bolt of dispelling energy
                  | (29)]
 21773 | Zig:22   | Found the +5 Lochaber axe {reach-cleave, Poleaxe ^Drain}
 21789 | Zig:22   | Identified the +1 cloak "Mecorunt" {+Blink rF+ rC+ Stlth-}
 21823 | Zig:23   | Entered Level 23 of a ziggurat
 21834 | Zig:23   | Reached skill level 1 in Shields
 21839 | Zig:23   | Reached skill level 2 in Shields
 21843 | Zig:23   | Reached skill level 3 in Shields
 21856 | Zig:23   | Found the +11 Singing Sword {sonic wave}
 21864 | Zig:23   | Identified the +5 broad axe of Meeref {freeze, rC+}
 21871 | Zig:23   | Identified the +6 lajatang of Disarray {antimagic, rPois}
 21887 | Zig:23   | Got Idipruch's Incunable of Bitter Incineration
 21896 | Zig:24   | Entered Level 24 of a ziggurat
 21904 | Zig:24   | Reached skill level 4 in Shields
 21915 | Zig:24   | Reached skill level 5 in Shields
 21932 | Zig:24   | Identified the ring of the Queen {rPois Int+3}
 21935 | Zig:24   | Identified the +9 giant spiked club of the Pill Bug {holy,
                  | rN+ Dex+4}
 21961 | Zig:25   | Entered Level 25 of a ziggurat
 21976 | Zig:25   | Noticed an ancient lich
 21976 | Zig:25   | Noticed an ancient lich
 21977 | Zig:25   | Killed an ancient lich
 21977 | Zig:25   | Killed an ancient lich
 21979 | Zig:25   | Noticed a dread lich
 21980 | Zig:25   | Noticed an ancient lich
 21981 | Zig:25   | Killed a dread lich
 21981 | Zig:25   | Noticed a dread lich
 21982 | Zig:25   | Killed an ancient lich
 21983 | Zig:25   | Noticed an ancient lich
 21985 | Zig:25   | Killed a dread lich
 21986 | Zig:25   | Killed an ancient lich
 21986 | Zig:25   | Noticed an ancient lich
 21987 | Zig:25   | Killed an ancient lich
 22001 | Zig:25   | Found the +3 pair of gauntlets of War {Slay+5}
 22008 | Zig:25   | Identified the amulet "Wehaqu" {Rampage rElec RegenMP+
                  | Str-5}
 22012 | Zig:25   | Identified the amulet of the Endless Curses {rF+ rC++
                  | RegenMP+}
 22050 | Zig:25   | Identified the staff of Accord {^Fragile rN+ Dex+6 Necro}
 22056 | Zig:25   | Identified the +5 chain mail of Laolian {+Blink Str-2
                  | Dex+4}
 22064 | Zig:26   | Entered Level 26 of a ziggurat
 22104 | Zig:26   | Found the +5 glaive of the Guard {elec, spectral}
 22118 | Zig:26   | Identified the +2 ring mail of the Slightly Bent {Regen+
                  | rCorr Slay-3 SInv}
 22119 | Zig:26   | Identified the ring of Tejuly {Str+6 Int+2 Dex+2}
 22122 | Zig:26   | Got the Guidebook on the Assistive Barrage
 22139 | Zig:27   | Entered Level 27 of a ziggurat
 22149 | Zig:27   | Paralysed by a formless jellyfish for 1 turns
 22151 | Zig:27   | Reached skill level 27 in Spellcasting
 22169 | Zig:27   | Reached skill level 10 in Shields
 22179 | Zig:27   | Found the amulet of the Four Winds {rN+ Will+++ Clar}
 22212 | Zig:27   | Got the Verses on Lightning
 22220 | Zig:27   | Identified the +4 broad axe of Urgency {freeze, ^Fragile
                  | rPois rF+ Dex+3}
 22287 | Depths:2 | Learned a level 3 spell: Passwall
 22303 | Depths:2 | Found a one-way gate leading to the halls of Pandemonium.
 22310 | Pan      | Entered Pandemonium
 22325 | Pan      | Reached skill level 1 in Shapeshifting
 22360 | Pan      | Reached skill level 2 in Shapeshifting
 22360 | Pan      | Noticed Nikk the pandemonium lord
 22367 | Pan      | Killed Nikk the pandemonium lord
 22368 | Pan      | Reached skill level 3 in Shapeshifting
 22453 | Pan      | Reached skill level 15 in Dodging
 22458 | Pan      | Got a demonic rune of Zot
 22473 | Pan      | Reached skill level 4 in Shapeshifting
 22608 | Pan      | Learned a level 1 spell: Apportation
 22661 | Pan      | Reached skill level 5 in Shapeshifting
 22765 | Pan      | Noticed Kibaef the pandemonium lord
 22765 | Pan      | Identified the +3 ring mail "Baunil" {+Blink Int+7}
 22767 | Pan      | Found a bloodstained altar of Trog.
 22773 | Pan      | Learned a level 2 spell: Sublimation of Blood
 22789 | Pan      | Reached skill level 1 in Necromancy
 22877 | Pan      | Noticed Wiloxea the pandemonium lord
 22881 | Pan      | Reached skill level 2 in Necromancy
 22937 | Pan      | Found an exit through the horrors of the Abyss.
 22973 | Pan      | Found an exit through the horrors of the Abyss.
 22979 | Pan      | Reached skill level 3 in Necromancy
 22985 | Pan      | Entered the realm of Gloorx Vloq.
 23087 | Pan      | Reached skill level 4 in Necromancy
 23151 | Pan      | Reached skill level 10 in Shapeshifting
 23192 | Pan      | Noticed Gloorx Vloq
 23200 | Pan      | HP: 58/166 [??? (45)]
 23204 | Pan      | Killed Gloorx Vloq
 23314 | Pan      | Got a dark rune of Zot
 23361 | Pan      | Reached skill level 15 in Fighting
 23441 | Pan      | Entered the realm of Lom Lobon.
 23583 | Pan      | Noticed Lom Lobon
 23589 | Pan      | Killed Lom Lobon
 23598 | Pan      | Got a magical rune of Zot
 23663 | Pan      | Noticed Kabaehan the pandemonium lord
 23666 | Pan      | Killed Kabaehan the pandemonium lord
 23667 | Pan      | Lost mutation: You have an increased reservoir of magic.
                  | (+10% MP) [a neqoxec]
 23705 | Pan      | Entered the realm of Mnoleg.
 23789 | Pan      | Reached skill level 15 in Shapeshifting
 23896 | Pan      | Noticed Mnoleg
 23925 | Pan      | Killed Mnoleg
 23948 | Pan      | Gained mutation: Armour fits poorly on your strangely
                  | shaped body. [a cacodemon]
 23950 | Pan      | Gained mutation: You occasionally lose the ability to read
                  | scrolls when taking damage. [a cacodemon]
 23966 | Pan      | Got a glowing rune of Zot
 23971 | Pan      | Lost mutation: You occasionally lose the ability to read
                  | scrolls when taking damage. [potion of mutation]
 23971 | Pan      | Lost mutation: Armour fits poorly on your strangely shaped
                  | body. [potion of mutation]
 23971 | Pan      | Gained mutation: You are vulnerable to heat. (rF-) [potion
                  | of mutation]
 23972 | Pan      | Lost mutation: You are vulnerable to heat. (rF-) [potion of
                  | mutation]
 23972 | Pan      | Gained mutation: Your system is resistant to poisons.
                  | (rPois) [potion of mutation]
 23972 | Pan      | Gained mutation: Your muscles are strong. (Str +4, Int/Dex
                  | -1) [potion of mutation]
 23972 | Pan      | Gained mutation: You sometimes lose your temper in combat.
                  | [potion of mutation]
 23972 | Pan      | Gained mutation: Your mind is acute. (Int +4, Str/Dex -1)
                  | [potion of mutation]
 24062 | Pan      | Noticed Selufol the pandemonium lord
 24064 | Pan      | Killed Selufol the pandemonium lord
 24078 | Pan      | Identified the ring of the Iron Devil {rElec rC+ Int-2
                  | Dex+6}
 24088 | Pan      | Entered the realm of Cerebov.
 24088 | Pan      | Identified the +3 robe of Forking Paths {rPois Int+3}
 24092 | Pan      | Identified the amulet of Ehauwno {Acrobat Will++}
 24098 | Pan      | Identified the +1 scale mail "Fuitra" {Str+5}
 24110 | Pan      | Found the +6 sword of Cerebov {flame}
 24110 | Pan      | Noticed Cerebov
 24119 | Pan      | Killed Cerebov
 24121 | Pan      | Got a fiery rune of Zot
 24125 | Pan      | HP: 61/170 [arc of chain lightning (14)]
 24128 | Pan      | HP: 27/170 [balrug/divine providence (11)]
 24190 | Pan      | Found an exit through the horrors of the Abyss.
 24196 | Pan      | Took an exit into the Abyss.
 24196 | Abyss:3  | Escaped into the Abyss
 24196 | Abyss:3  | Found a corrupted altar of Lugonu.
 24295 | Depths:2 | Escaped the Abyss
 24468 | Depths:4 | Identified the +7 demon trident of the Spider Nest {vamp,
                  | rPois rF+ Int+3 SInv}
 24495 | Hell     | Entered the Vestibule of Hell
 24495 | Hell     | Noticed Geryon
 24497 | Hell     | Gained mutation: You occasionally lose the ability to read
                  | scrolls when taking damage. [a cacodemon]
 24502 | Hell     | Found a gateway to the freezing wastes of Cocytus.
 24516 | Coc:1    | Entered Level 1 of Cocytus
 24720 | Coc:4    | Paralysed by a wendigo for 1 turns
 24737 | Coc:4    | bignoob: !!!
 24843 | Coc:6    | Reached skill level 20 in Shapeshifting
 24877 | Coc:7    | Entered Level 7 of Cocytus
 25004 | Coc:7    | Noticed Antaeus
 25015 | Coc:7    | HP: 66/173 [Ice Fiend/bolt of cold (10)]
 25024 | Coc:7    | HP: 44/173 [??? (33)]
 25033 | Coc:7    | HP: 34/173 [Antaeus/icy flash freeze (22)]
 25056 | Coc:7    | HP: 37/173 [??? (27)]
 25070 | Coc:7    | Killed Antaeus
 25071 | Coc:7    | Reached skill level 20 in Dodging
 25112 | Coc:7    | Got an icy rune of Zot
 25132 | Hell     | Upgraded the game from 0.32-a0-868-g153ae1a to
                  | 0.32-a0-870-g877066f
 25158 | Hell     | Killed Geryon
 25319 | Hell     | HP: 65/174 [something (7)]
 25324 | Hell     | HP: 63/174 [poisoned by a putrid mouth (foul vapour)]
 25404 | Hell     | Found a gateway to the decaying netherworld of Tartarus.
 25459 | Tar:1    | Entered Level 1 of Tartarus
 25479 | Tar:1    | Noticed a dread lich
 25482 | Tar:1    | Killed a dread lich
 25503 | Tar:1    | Learned a level 7 spell: Spellforged Servitor
 25644 | Tar:3    | Noticed a dread lich
 25647 | Tar:3    | Killed a dread lich
 25685 | Tar:3    | Noticed a dread lich
 25686 | Tar:3    | Noticed a dread lich
 25686 | Tar:3    | Noticed a dread lich
 25687 | Tar:3    | Noticed a dread lich
 25688 | Tar:3    | Killed a dread lich
 25688 | Tar:3    | Killed a dread lich
 25688 | Tar:3    | Killed a dread lich
 25689 | Tar:3    | Killed a dread lich
 25689 | Tar:3    | Noticed a dread lich
 25692 | Tar:3    | Killed a dread lich
 25693 | Tar:3    | Noticed a dread lich
 25693 | Tar:3    | Noticed a dread lich
 25695 | Tar:3    | Killed a dread lich
 25695 | Tar:3    | Killed a dread lich
 25696 | Tar:3    | Killed a dread lich
 25696 | Tar:3    | Killed an ancient lich
 25731 | Tar:5    | HP: 50/175 [??? (39)]
 25826 | Tar:7    | Entered Level 7 of Tartarus
 25829 | Tar:7    | Lost mutation: You sometimes lose your temper in combat.
                  | [potion of mutation]
 25829 | Tar:7    | Lost mutation: Your system is resistant to poisons. (rPois)
                  | [potion of mutation]
 25829 | Tar:7    | Lost mutation: Your muscles are strong. (Str +4, Int/Dex
                  | -1) [potion of mutation]
 25829 | Tar:7    | Gained mutation: Your system is resistant to poisons.
                  | (rPois) [potion of mutation]
 25829 | Tar:7    | Gained mutation: You have a pair of small horns on your
                  | head. [potion of mutation]
 25830 | Tar:7    | Lost mutation: Your mind is acute. (Int +4, Str/Dex -1)
                  | [potion of mutation]
 25830 | Tar:7    | Lost mutation: You have a pair of small horns on your head.
                  | [potion of mutation]
 25830 | Tar:7    | Lost mutation: Your system is resistant to poisons. (rPois)
                  | [potion of mutation]
 25830 | Tar:7    | Gained mutation: You are frail. (-10% HP) [potion of
                  | mutation]
 25830 | Tar:7    | Gained mutation: You passively dampen the noise of your
                  | surroundings. [potion of mutation]
 25830 | Tar:7    | Gained mutation: You are very frail. (-20% HP) [potion of
                  | mutation]
 25831 | Tar:7    | Lost mutation: You passively dampen the noise of your
                  | surroundings. [potion of mutation]
 25831 | Tar:7    | Lost mutation: You occasionally lose the ability to read
                  | scrolls when taking damage. [potion of mutation]
 25831 | Tar:7    | Gained mutation: Your body sometimes deteriorates upon
                  | taking damage. [potion of mutation]
 25831 | Tar:7    | Gained mutation: Your flesh is cold resistant. (rC+)
                  | [potion of mutation]
 25832 | Tar:7    | Lost mutation: Your body sometimes deteriorates upon taking
                  | damage. [potion of mutation]
 25832 | Tar:7    | Lost mutation: You are very frail. (-20% HP) [potion of
                  | mutation]
 25832 | Tar:7    | Gained mutation: Armour fits poorly on your strangely
                  | shaped body. [potion of mutation]
 25833 | Tar:7    | Lost mutation: You are frail. (-10% HP) [potion of
                  | mutation]
 25833 | Tar:7    | Lost mutation: Your flesh is cold resistant. (rC+) [potion
                  | of mutation]
 25833 | Tar:7    | Lost mutation: Armour fits poorly on your strangely shaped
                  | body. [potion of mutation]
 25833 | Tar:7    | Gained mutation: You have a pair of small horns on your
                  | head. [potion of mutation]
 25833 | Tar:7    | Gained mutation: Potions are less effective at restoring
                  | your health. [potion of mutation]
 25833 | Tar:7    | Gained mutation: Your mind is acute. (Int +4, Str/Dex -1)
                  | [potion of mutation]
 25833 | Tar:7    | Gained mutation: Your system is resistant to poisons.
                  | (rPois) [potion of mutation]
 25856 | Tar:7    | HP: 67/177 [arc of chain lightning (10)]
 25874 | Tar:7    | Lost mutation: Your system is resistant to poisons. (rPois)
                  | [potion of mutation]
 25874 | Tar:7    | Lost mutation: You have a pair of small horns on your head.
                  | [potion of mutation]
 25874 | Tar:7    | Lost mutation: Your mind is acute. (Int +4, Str/Dex -1)
                  | [potion of mutation]
 25874 | Tar:7    | Gained mutation: You occasionally lose the ability to read
                  | scrolls when taking damage. [potion of mutation]
 25874 | Tar:7    | Gained mutation: Your spells are a little harder to cast,
                  | but a little more powerful. [potion of mutation]
 25874 | Tar:7    | Gained mutation: You are somewhat resistant to further
                  | mutation. [potion of mutation]
 25875 | Tar:7    | Lost mutation: Potions are less effective at restoring your
                  | health. [potion of mutation]
 25875 | Tar:7    | Lost mutation: You are somewhat resistant to further
                  | mutation. [potion of mutation]
 25875 | Tar:7    | Gained mutation: You are partially covered in large bone
                  | plates. (SH +4) [potion of mutation]
 25875 | Tar:7    | Gained mutation: You occasionally lose the ability to drink
                  | potions when taking damage. [potion of mutation]
 25875 | Tar:7    | Gained mutation: Your mind is acute. (Int +4, Str/Dex -1)
                  | [potion of mutation]
 25925 | Tar:7    | HP: 61/177 [poisoned by a putrid mouth (dark miasma)]
 25927 | Tar:7    | HP: 26/177 [poisoned by a putrid mouth (dark miasma)]
 25929 | Tar:7    | HP: 6/177 [poison (dark miasma)]
 26196 | Tar:7    | Identified the orb "Eshoireib" {light, rN+ Int+3}
 26273 | Tar:7    | Noticed Ereshkigal
 26277 | Tar:7    | Killed Ereshkigal
 26299 | Tar:7    | Identified the ring of Life {EV+5 Str+3 Slay+4}
 26301 | Tar:7    | Got a bone rune of Zot
 26387 | Hell     | Found a gateway to the ashen valley of Gehenna.
 26401 | Geh:1    | Entered Level 1 of Gehenna
 26522 | Geh:3    | Reached skill level 20 in Fighting
 26549 | Geh:3    | Noticed a dread lich
 26560 | Geh:3    | Killed a dread lich
 26733 | Geh:7    | Entered Level 7 of Gehenna
 26762 | Geh:7    | HP: 70/182 [something (3)]
 26765 | Geh:7    | Reached skill level 25 in Dodging
 26883 | Geh:7    | HP: 60/182 [??? (57)]
 26888 | Geh:7    | HP: 54/182 [balrug/fireball (7)]
 26901 | Geh:7    | HP: 64/182 [balrug/fireball (7)]
 26991 | Geh:7    | Found the +13 sceptre of Asmodeus
 26991 | Geh:7    | Noticed Asmodeus
 26996 | Geh:7    | Killed Asmodeus
 27000 | Geh:7    | Got an obsidian rune of Zot
 27034 | Hell     | Found a gateway to the Iron City of Dis.
 27044 | Dis:1    | Entered Level 1 of the Iron City of Dis
 27327 | Dis:6    | Noticed an ancient lich
 27330 | Dis:6    | Killed an ancient lich
 27337 | Dis:6    | Reached skill level 27 in Dodging
 27356 | Dis:7    | Entered Level 7 of the Iron City of Dis
 27404 | Dis:7    | Noticed the Serpent of Hell
 27409 | Dis:7    | HP: 73/186 [war gargoyle/spray of metal splinters (27)]
 27421 | Dis:7    | HP: 55/186 [the Serpent of Hell/bolt of dispelling energy
                  | (34)]
 27423 | Dis:7    | Killed the Serpent of Hell
 27427 | Dis:7    | Noticed a juggernaut
 27432 | Dis:7    | Killed a juggernaut
 27605 | Dis:7    | Noticed a juggernaut
 27607 | Dis:7    | Noticed Dispater
 27608 | Dis:7    | Killed a juggernaut
 27614 | Dis:7    | Killed Dispater
 27615 | Dis:7    | Identified the staff "Zaaly" {^Fragile rN+ Dex+2 SInv
                  | Earth}
 27617 | Dis:7    | Got an iron rune of Zot
 27851 | Vaults:2 | Found Xocwo's Jewellery Emporium.
 27901 | Vaults:3 | Found an ancient bone altar of Kikubaaqudgha.
 27903 | Vaults:3 | Found a staircase to the Crypt.
 27904 | Vaults:3 | Found a basalt altar of Yredelemnul.
 27917 | Crypt:1  | Entered Level 1 of the Crypt
 27962 | Crypt:1  | Lost mutation: You occasionally lose the ability to drink
                  | potions when taking damage. [potion of mutation]
 27962 | Crypt:1  | Lost mutation: Your mind is acute. (Int +4, Str/Dex -1)
                  | [potion of mutation]
 27962 | Crypt:1  | Lost mutation: You occasionally lose the ability to read
                  | scrolls when taking damage. [potion of mutation]
 27962 | Crypt:1  | Gained mutation: You occasionally shout uncontrollably at
                  | your foes. [potion of mutation]
 27962 | Crypt:1  | Gained mutation: Armour fits poorly on your strangely
                  | shaped body. [potion of mutation]
 27962 | Crypt:1  | Gained mutation: You expend magic power (3 MP) to
                  | strengthen your wands. [potion of mutation]
 27996 | Crypt:2  | Found an ancient bone altar of Kikubaaqudgha.
 28018 | Crypt:3  | Entered Level 3 of the Crypt
 28049 | Crypt:3  | Noticed a royal mummy
 28054 | Crypt:3  | Killed a royal mummy
 28059 | Crypt:3  | Found a staircase to the Tomb.
 28075 | Tomb:1   | Entered Level 1 of the Tomb of the Ancients
 28134 | Tomb:1   | Noticed a royal mummy
 28136 | Tomb:1   | Noticed a royal mummy
 28137 | Tomb:1   | Noticed a royal mummy
 28137 | Tomb:1   | Noticed a royal mummy
 28137 | Tomb:1   | Noticed a royal mummy
 28137 | Tomb:1   | Noticed a royal mummy
 28138 | Tomb:1   | Noticed a royal mummy
 28139 | Tomb:1   | Killed a royal mummy
 28140 | Tomb:1   | Killed a royal mummy
 28140 | Tomb:1   | Killed a royal mummy
 28140 | Tomb:1   | Killed a royal mummy
 28140 | Tomb:1   | Noticed a royal mummy
 28141 | Tomb:1   | Killed a royal mummy
 28141 | Tomb:1   | Killed a royal mummy
 28142 | Tomb:1   | Killed a royal mummy
 28142 | Tomb:1   | Killed a royal mummy
 28144 | Tomb:1   | Noticed a royal mummy
 28145 | Tomb:1   | Noticed a royal mummy
 28146 | Tomb:1   | Killed a royal mummy
 28146 | Tomb:1   | Killed a royal mummy
 28150 | Tomb:1   | Noticed a royal mummy
 28151 | Tomb:1   | Reached skill level 25 in Fighting
 28151 | Tomb:1   | Noticed a royal mummy
 28152 | Tomb:1   | Killed a royal mummy
 28152 | Tomb:1   | Noticed a royal mummy
 28154 | Tomb:1   | Killed a royal mummy
 28159 | Tomb:1   | Killed a royal mummy
 28189 | Tomb:1   | Noticed a royal mummy
 28189 | Tomb:1   | Noticed a royal mummy
 28189 | Tomb:1   | Noticed a royal mummy
 28190 | Tomb:1   | Killed a royal mummy
 28190 | Tomb:1   | Killed a royal mummy
 28190 | Tomb:1   | Killed a royal mummy
 28190 | Tomb:1   | Noticed a royal mummy
 28190 | Tomb:1   | Noticed a royal mummy
 28190 | Tomb:1   | Noticed a royal mummy
 28191 | Tomb:1   | Identified the +7 mace "Reukenao" {protect, rCorr}
 28191 | Tomb:1   | Noticed a royal mummy
 28191 | Tomb:1   | Noticed a royal mummy
 28192 | Tomb:1   | Killed a royal mummy
 28192 | Tomb:1   | Killed a royal mummy
 28192 | Tomb:1   | Noticed a royal mummy
 28193 | Tomb:1   | Killed a royal mummy
 28193 | Tomb:1   | Killed a royal mummy
 28193 | Tomb:1   | Noticed a royal mummy
 28194 | Tomb:1   | Killed a royal mummy
 28197 | Tomb:1   | Killed a royal mummy
 28197 | Tomb:1   | Killed a royal mummy
 28197 | Tomb:1   | Noticed a royal mummy
 28199 | Tomb:1   | Noticed a royal mummy
 28200 | Tomb:1   | Killed a royal mummy
 28200 | Tomb:1   | Killed a royal mummy
 28263 | Tomb:2   | Noticed a royal mummy
 28264 | Tomb:2   | Noticed a royal mummy
 28265 | Tomb:2   | Killed a royal mummy
 28265 | Tomb:2   | Killed a royal mummy
 28265 | Tomb:2   | Noticed a royal mummy
 28266 | Tomb:2   | Noticed a royal mummy
 28289 | Tomb:2   | Killed a royal mummy
 28298 | Tomb:2   | Killed a royal mummy
 28345 | Tomb:3   | Entered Level 3 of the Tomb of the Ancients
 28351 | Tomb:3   | Reached skill level 27 in Fighting
 28352 | Tomb:3   | Noticed a royal mummy
 28352 | Tomb:3   | Noticed a royal mummy
 28357 | Tomb:3   | Reached skill level 2 in Ice Magic
 28357 | Tomb:3   | Reached skill level 1 in Evocations
 28359 | Tomb:3   | Killed a royal mummy
 28360 | Tomb:3   | Reached skill level 3 in Ice Magic
 28360 | Tomb:3   | Reached skill level 2 in Evocations
 28361 | Tomb:3   | Killed a royal mummy
 28361 | Tomb:3   | Noticed a royal mummy
 28362 | Tomb:3   | Reached skill level 4 in Ice Magic
 28362 | Tomb:3   | Reached skill level 3 in Evocations
 28363 | Tomb:3   | Killed a royal mummy
 28364 | Tomb:3   | Reached skill level 5 in Ice Magic
 28366 | Tomb:3   | Reached skill level 4 in Evocations
 28375 | Tomb:3   | Noticed Khufu
 28375 | Tomb:3   | Noticed a royal mummy
 28375 | Tomb:3   | Noticed a royal mummy
 28376 | Tomb:3   | Killed a royal mummy
 28377 | Tomb:3   | Killed a royal mummy
 28378 | Tomb:3   | Reached skill level 5 in Evocations
 28378 | Tomb:3   | Killed Khufu
 28378 | Tomb:3   | Noticed a royal mummy
 28381 | Tomb:3   | Killed a royal mummy
 28383 | Tomb:3   | Got a sanguine gem with 1415 turns to spare
 28394 | Tomb:3   | Got a golden rune of Zot
 28394 | Tomb:3   | Noticed a royal mummy
 28395 | Tomb:3   | Noticed a royal mummy
 28396 | Tomb:3   | Killed a royal mummy
 28397 | Tomb:3   | Killed a royal mummy
 28398 | Tomb:3   | Reached skill level 10 in Ice Magic
 28430 | Tomb:1   | Noticed a royal mummy
 28434 | Tomb:1   | Killed a royal mummy
 28667 | Depths:4 | Found a gate to the Realm of Zot.
 28677 | Depths:4 | Got a midnight gem with 988 turns to spare
 28688 | Zot:1    | Entered Level 1 of the Realm of Zot
 28813 | Zot:2    | Reached skill level 15 in Ice Magic
 28964 | Zot:4    | Found the ring of the Mage {Wiz Archmagi}
 28964 | Zot:4    | Found a transporter.
 28973 | Zot:4    | Found a transporter.
 29005 | Zot:5    | Entered Level 5 of the Realm of Zot
 29015 | Zot:5    | Noticed a dread lich
 29017 | Zot:5    | Killed a dread lich
 29019 | Zot:5    | Noticed an ancient lich
 29022 | Zot:5    | Killed an ancient lich
 29026 | Zot:5    | Noticed an orb of fire
 29028 | Zot:5    | Noticed an orb of fire
 29031 | Zot:5    | HP: 79/201 [orb of fire/fireball (16)]
 29032 | Zot:5    | Killed an orb of fire
 29032 | Zot:5    | Gained mutation: You are dopey. (Int -2) [an orb of fire]
 29033 | Zot:5    | Killed an orb of fire
 29042 | Zot:5    | HP: 52/201 [arc of chain lightning (11)]
 29053 | Zot:5    | HP: 64/201 [storm dragon/bolt of lightning (3)]
 29100 | Zot:5    | Noticed an ancient lich
 29113 | Zot:5    | Killed an ancient lich
 29160 | Zot:5    | Got the Orb of Zot
 29210 | Zot:3    | HP: 67/201 [arc of chain lightning (15)]
 29216 | Zot:3    | HP: 36/201 [arc of chain lightning (9)]
 29305 | Zot:1    | Reached skill level 20 in Ice Magic
 29498 | D:12     | Noticed Adouwkyt the pandemonium lord
 29703 | D:$      | Escaped with the Orb!

Illustrated notes

Skill      XL: |  1  2  3  4  5  6  7  8  9 10 11 12 13 14 15 16 17 18 19 20 21 22 23 24 25 26 27 |
---------------+----------------------------------------------------------------------------------+-----
Conjurations   | 2 3 4 5 6 7 8 10 11 12 14 15 16 17 19 20 21 22 24 | 24.1
Alchemy        | 4 5 6 7 8 |  8.0
Spellcasting   | 4 5 6 7 8 9 11 12 13 14 16 17 18 19 20 21 22 23 24 27 | 27.0
Fire Magic     | 2 5 6 8 9 11 13 15 16 18 19 21 22 23 24 | 24.6
Dodging        | 3 4 5 6 7 8 9 10 27 | 27.0
Fighting       | 1 2 3 4 5 7 8 9 10 11 12 27 | 27.0
Armour         | 2 3 4 5 |  5.0
Translocations | 3 4 6 |  6.0
Air Magic      | 4 8 12 14 15 16 18 24 | 24.0
Earth Magic    | 4 7 8 10 13 14 16 18 24 | 24.0
Shields        | 11 | 11.1
Shapeshifting  | 23 | 23.0
Necromancy     | 4 |  4.0
Ice Magic      | 20 | 20.8
Evocations     | 8 |  8.0
Stealth        | |  2.4

Action                     |  1- 3 |  4- 6 |  7- 9 | 10-12 | 13-15 | 16-18 | 19-21 | 22-24 | 25-27 || total
---------------------------+-------+-------+-------+-------+-------+-------+-------+-------+-------++-------
  Melee: Unarmed           |    10 |    59 |     3 |       |       |       |       |       |       ||    72
         Punch             |       |     2 |       |       |       |       |       |       |       ||     2
         Spear             |       |       |    13 |       |       |       |       |       |       ||    13
         Battleaxe         |       |       |     8 |    37 |     3 |       |       |       |       ||    48
         Staff             |       |       |       |       |    38 |    22 |    60 |    10 |    67 ||   197
   Cast: Sting             |    47 |    51 |    73 |    72 |    33 |     5 |    11 |       |       ||   292
         Mephitic Cloud    |       |     1 |    21 |    46 |     4 |       |       |       |       ||    72
         Sticky Flame      |       |     2 |    10 |    31 |    24 |    17 |    14 |     6 |     7 ||   111
         Olgreb's Toxic Ra |       |       |    21 |    91 |    14 |     3 |       |       |       ||   129
         Iskenderun's Myst |       |       |       |    25 |    54 |    14 |     5 |       |       ||    98
         Fireball          |       |       |       |    21 |   331 |   311 |    90 |    10 |    33 ||   796
         Plasma Beam       |       |       |       |       |    21 |    27 |     9 |     7 |    39 ||   103
         Bombard           |       |       |       |       |    10 |    57 |    83 |    25 |   164 ||   339
         Ignition          |       |       |       |       |       |    25 |    62 |     8 |    59 ||   154
         Fire Storm        |       |       |       |       |       |    16 |   178 |   154 |   618 ||   966
         Blink             |       |       |       |       |       |       |    15 |     9 |    20 ||    44
         Passage of Golubr |       |       |       |       |       |       |       |   187 |   453 ||   640
         Orb of Destructio |       |       |       |       |       |       |       |     2 |    51 ||    53
         Shatter           |       |       |       |       |       |       |       |       |   352 ||   352
         Sublimation of Bl |       |       |       |       |       |       |       |       |   191 ||   191
         Chain Lightning   |       |       |       |       |       |       |       |       |   142 ||   142
         Apportation       |       |       |       |       |       |       |       |       |    35 ||    35
         Passwall          |       |       |       |       |       |       |       |       |    20 ||    20
         Spellforged Servi |       |       |       |       |       |       |       |       |     8 ||     8
  Evoke: Wand              |       |    12 |       |     4 |     3 |     8 |     8 |     2 |     6 ||    43
         Lightning rod     |       |       |       |       |       |     6 |     5 |       |       ||    11
    Use: Scroll            |     2 |       |     7 |     3 |    15 |     8 |    13 |     9 |    43 ||   100
         Potion            |       |       |     6 |       |     4 |     6 |     9 |     1 |    75 ||   101
   Stab: Confused          |       |       |     3 |     1 |       |       |       |       |       ||     4
 Armour: Robe              |    31 |    33 |    47 |     1 |       |       |       |       |       ||   112
         Leather armour    |       |       |       |    22 |       |       |       |       |       ||    22
         Troll leather arm |       |       |       |    55 |   119 |   137 |   265 |    42 |   400 ||  1018
  Dodge: Dodged            |    30 |    31 |    29 |    74 |    99 |    83 |   223 |    25 |   245 ||   839
  Block: Other             |       |       |       |       |       |       |       |     2 |       ||     2
         Kite shield       |       |       |       |       |       |       |       |       |   353 ||   353
         Form:             |       |       |       |       |       |       |       |       |     4 ||     4
         Death             |       |       |       |       |       |       |       |       |     4 ||     4

Table legend: (Time is in decaauts)
 A = Elapsed time spent in this place.
 B = Non-inter-level travel time spent in this place.
 C = Inter-level travel time spent in this place.
 D = Time resting spent in this place.
 E = Time spent auto-exploring this place.
 F = Levels seen in this place.
 G = Mean time per level.
                   A        B        C        D        E       F      G
               +--------+--------+--------+--------+--------+-----+--------+
         Total |  30291 |  27897 |   2394 |      0 |     19 | 135 |  224.4 |
       Dungeon |   6407 |   5385 |   1022 |      0 |      0 |  15 |  427.1 |
          Lair |   2505 |   2192 |    313 |      0 |      0 |   5 |  501.0 |
        Shoals |   1114 |   1012 |    102 |      0 |      0 |   4 |  278.5 |
     Snake Pit |   1744 |   1585 |    159 |      0 |      0 |   4 |  436.0 |
    Slime Pits |    438 |    438 |      0 |      0 |      0 |   5 |   87.6 |
  Orcish Mines |    788 |    500 |    288 |      0 |      0 |   2 |  394.0 |
   Elven Halls |   1741 |   1569 |    172 |      0 |      0 |   3 |  580.3 |
        Vaults |   2406 |   2092 |    314 |      0 |      0 |   5 |  481.2 |
         Crypt |    197 |    197 |      0 |      0 |      0 |   3 |   65.7 |
          Tomb |    480 |    480 |      0 |      0 |      0 |   3 |  160.0 |
        Depths |   2118 |   2097 |     21 |      0 |      0 |   4 |  529.5 |
          Hell |    473 |    473 |      0 |      0 |      0 |   1 |  473.0 |
           Dis |    610 |    610 |      0 |      0 |      0 |   7 |   87.1 |
       Gehenna |    659 |    659 |      0 |      0 |      0 |   7 |   94.1 |
       Cocytus |    640 |    640 |      0 |      0 |      0 |   7 |   91.4 |
      Tartarus |    949 |    949 |      0 |      0 |      0 |   7 |  135.6 |
           Zot |    645 |    645 |      0 |      0 |      0 |   5 |  129.0 |
         Abyss |   1703 |   1703 |      0 |      0 |      0 |   2 |  851.5 |
   Pandemonium |   1896 |   1896 |      0 |      0 |     19 |  14 |  135.4 |
      Ziggurat |   1448 |   1448 |      0 |      0 |      0 |  27 |   53.6 |
        Bazaar |    153 |    153 |      0 |      0 |      0 |   2 |   76.5 |
       Ossuary |    340 |    340 |      0 |      0 |      0 |   1 |  340.0 |
      Ice Cave |    571 |    571 |      0 |      0 |      0 |   1 |  571.0 |
       Volcano |    256 |    256 |      0 |      0 |      0 |   1 |  256.0 |
               +--------+--------+--------+--------+--------+-----+--------+

Top non-repeatable levels by time:
 Abyss:3: 1703 daAuts
Vaults:5: 1270 daAuts
    D:11: 917 daAuts
  Lair:1: 889 daAuts
 Snake:4: 805 daAuts
     D:4: 776 daAuts
Depths:2: 716 daAuts
    D:10: 698 daAuts
 Snake:3: 679 daAuts
   Orc:2: 676 daAuts
   Elf:3: 654 daAuts
  Lair:5: 598 daAuts
Depths:3: 588 daAuts
   Elf:2: 578 daAuts
   IceCv: 571 daAuts

Table legend:
 A = Kills in this place as a percentage of kills in the entire game.
 B = Kills by you in this place as a percentage of kills by you in the entire game.
 C = Kills by friends in this place as a percentage of kills by friends in the entire game.
 D = Other kills in this place as a percentage of other kills in the entire game.
 E = Experience gained in this place as a percentage of experience gained in the entire game.
 F = Experience gained in this place divided by the number of levels of this place that you have seen.
                   A       B       C       D       E      F
               +-------+-------+-------+-------+-------+----------------------
         Total | 100.0 | 100.0 | 100.0 | 100.0 | 100.0 | 25609.4
       Dungeon |   7.0 |   6.9 |   0.0 |  25.9 |   1.8 | 4060.8
          Lair |   4.8 |   4.8 |   0.0 |   7.4 |   1.5 | 10223.8
        Shoals |   2.2 |   2.2 |   0.0 |   0.0 |   1.6 | 14047.2
     Snake Pit |   3.0 |   3.0 |   0.0 |   3.7 |   1.9 | 16071.2
    Slime Pits |   1.5 |   1.5 |   4.3 |   0.0 |   1.3 | 9265.0
  Orcish Mines |   1.5 |   1.4 |   0.0 |  25.9 |   0.3 | 5613.5
   Elven Halls |   4.5 |   4.6 |   2.1 |   0.0 |   4.0 | 45972.7
        Vaults |   5.8 |   5.9 |   4.3 |   0.0 |   6.0 | 41253.2
         Crypt |   3.4 |   3.4 |   2.1 |   0.0 |   2.3 | 26204.0
          Tomb |   5.8 |   5.9 |   2.1 |   0.0 |   7.7 | 88205.0
        Depths |   4.1 |   4.2 |   4.3 |   0.0 |   4.8 | 41493.5
          Hell |   2.0 |   2.0 |   8.5 |   0.0 |   1.7 | 58484.0
           Dis |   2.9 |   2.8 |   8.5 |   0.0 |   5.6 | 27816.4
       Gehenna |   2.2 |   2.2 |   2.1 |   0.0 |   3.5 | 17042.0
       Cocytus |   4.8 |   4.8 |   2.1 |   3.7 |   6.2 | 30642.6
      Tartarus |   3.4 |   3.4 |   6.4 |   0.0 |   7.0 | 34627.6
           Zot |   2.7 |   2.7 |   6.4 |   0.0 |   5.1 | 35493.4
         Abyss |   6.5 |   6.4 |   8.5 |   7.4 |   4.3 | 74147.0
   Pandemonium |   9.3 |   9.2 |  17.0 |   0.0 |  10.1 | 25029.1
      Ziggurat |  21.2 |  21.4 |  21.3 |   0.0 |  23.1 | 29523.0
       Ossuary |   0.4 |   0.4 |   0.0 |   0.0 |   0.0 | 154.0
      Ice Cave |   0.6 |   0.5 |   0.0 |  25.9 |   0.1 | 4685.0
       Volcano |   0.3 |   0.3 |   0.0 |   0.0 |   0.2 | 6316.0
               +-------+-------+-------+-------+-------+----------------------
